Workbook

Sheet 1. m. bevételek (2)
K1: 1. melléklet a 9/2019. (II. 28) önkormányzati rendelethez
C3: Önkormányzat
C4: 2019. évi bevételei
D5: Eredeti előirányzat | H5: Módosított előirányzat
D6: eFt | E6: kötelező feladat | F6: önként vállalt feladat | G6: állami feladat | H6: eFt | I6: kötelező feladat | J6: önként vállalt feladat | K6: állami feladat
A7: Cím | B7: Alcím | C7: Cím neve
A9: 101 | C9: Szivárvány Óvoda és Bölcsőde Dombóvár
B10: I. | C10: Működési bevételek
C11: 1.1. Bölcsőde | D11: 4800 | E11: 4800 | H11: 4800 | I11: 4800
C12: 1.2. Óvoda | D12: 5000 | E12: 5000 | H12: 5000 | I12: 5000
C13: összesen: | D13: =SUM(D11:D12) -> 9800 | E13: =SUM(E11:E12) -> 9800 | F13: =SUM(F11:F12) -> 0 | G13: =SUM(G11:G12) -> 0 | H13: =SUM(H11:H12) -> 9800 | I13: =SUM(I11:I12) -> 9800 | J13: =SUM(J11:J12) -> 0 | K13: =SUM(K11:K12) -> 0
B14: V. | C14: Támogatás államháztartáson belülről | D14: 0 | E14: 0 | F14: 0 | G14: 0 | H14: 0 | I14: 0 | J14: 0 | K14: 0
C15: 1. Egyéb működési célú támogatás államháztartáson belülről
C16: 1.1. Közfoglalkoztatás támogatása | H16: 1127 | I16: 1127
C17: 1.2. EP választásra átlagbér | H17: 46 | I17: 46
C18: összesen: | D18: =SUM(D16) -> 0 | E18: =SUM(E16) -> 0 | F18: =SUM(F16) -> 0 | G18: =SUM(G16) -> 0 | H18: =SUM(H16:H17) -> 1173 | I18: =SUM(I16:I17) -> 1173 | J18: =SUM(J16:J17) -> 0 | K18: =SUM(K16:K17) -> 0
C19: 101. cím összesen: | D19: =D13+D14 -> 9800 | E19: =E13+E14 -> 9800 | F19: =F13+F14 -> 0 | G19: =G13+G14 -> 0 | H19: =H13+H18 -> 10973 | I19: =I13+I18 -> 10973 | J19: =J13+J18 -> 0 | K19: =K13+K18 -> 0
A21: 102 | C21: Integrált Önkormányzati Szolgáltató Szervezet
B22: I. | C22: Működési bevételek | D22: 87000 | E22: 87000 | H22: 87000 | I22: 87000
B23: V. | C23: Támogatás államháztartáson belülről
C24: 1. Egyéb működési célú támogatás államháztartáson belülről
C25: 1.1. Közfoglalkoztatás támogatása | H25: 1050 | I25: 1050
C26: 1.2. EP választásra átlagbér | H26: 32 | I26: 32
C27: összesen: | D27: =SUM(D25) -> 0 | E27: =SUM(E25) -> 0 | F27: =SUM(F25) -> 0 | G27: =SUM(G25) -> 0 | H27: =SUM(H25:H26) -> 1082 | I27: =SUM(I25:I26) -> 1082 | J27: =SUM(J25:J26) -> 0 | K27: =SUM(K25:K26) -> 0
C28: 102. cím összesen: | D28: =D22+D23 -> 87000 | E28: =E22+E23 -> 87000 | F28: =F22+F23 -> 0 | G28: =G22+G23 -> 0 | H28: =H22+H27 -> 88082 | I28: =I22+I27 -> 88082 | J28: =J22+J27 -> 0 | K28: =K22+K27 -> 0
A30: 103 | C30: Földi István Könyvtár
B31: I. | C31: Működési bevételek | D31: 2000 | E31: 2000 | H31: 2000 | I31: 2000
B32: V. | C32: Támogatás államháztartáson belülről | D32: 0 | E32: 0 | F32: 0 | G32: 0 | H32: 0 | I32: 0 | J32: 0 | K32: 0
C33: 1. Egyéb működési célú támogatás államháztartáson belülről
C34: 1.1. Közfoglalkoztatás támogatása | H34: 1176 | I34: 1176
C35: 1.2. SZJA 1% felajánlások | H35: 12 | I35: 12
C36: összesen: | D36: =SUM(D34) -> 0 | E36: =SUM(E34) -> 0 | F36: =SUM(F34) -> 0 | G36: =SUM(G34) -> 0 | H36: =SUM(H34:H35) -> 1188 | I36: =SUM(I34:I35) -> 1188 | J36: =SUM(J34:J35) -> 0 | K36: =SUM(K34:K35) -> 0
C37: 103. cím összesen: | D37: =D31+D32 -> 2000 | E37: =E31+E32 -> 2000 | F37: =F31+F32 -> 0 | G37: =G31+G32 -> 0 | H37: =H31+H36 -> 3188 | I37: =I31+I36 -> 3188 | J37: =J31+J36 -> 0 | K37: =K31+K36 -> 0
C39: 101-103. intézmények összesen | D39: =D19+D28+D37 -> 98800 | E39: =E19+E28+E37 -> 98800 | F39: =F19+F28+F37 -> 0 | G39: =G19+G28+G37 -> 0 | H39: =H19+H28+H37 -> 102243 | I39: =I19+I28+I37 -> 102243 | J39: =J19+J28+J37 -> 0 | K39: =K19+K28+K37 -> 0
A41: 104 | C41: Dombóvári Közös Önkormányzati Hivatal
B42: I. | C42: Működési bevételek
C43: 1. Dombóvár | D43: 8000 | E43: 8000 | H43: 8000 | I43: 8000
C44: 2. Szakcsi Kirendeltség | D44: 0 | E44: 0 | H44: 0 | I44: 0
C45: összesen: | D45: =SUM(D43:D44) -> 8000 | E45: =SUM(E43:E44) -> 8000 | F45: =SUM(F43:F44) -> 0 | G45: =SUM(G43:G44) -> 0 | H45: =SUM(H43:H44) -> 8000 | I45: =SUM(I43:I44) -> 8000 | J45: =SUM(J43:J44) -> 0 | K45: =SUM(K43:K44) -> 0
B46: V. | C46: Támogatás államháztartáson belülről | D46: 0 | E46: 0 | F46: 0 | G46: 0 | H46: 0 | I46: 0 | J46: 0 | K46: 0
C47: 1. Egyéb működési célú támogatás államháztartáson belülről
C48: 1.1. TOP-5.1.2-15 Helyi foglalkoztatási együttműködések támogatás | D48: 2849 | E48: 2849 | H48: 2849 | I48: 2849
C49: összesen: | D49: =SUM(D48) -> 2849 | E49: =SUM(E48) -> 2849 | F49: =SUM(F48) -> 0 | G49: =SUM(G48) -> 0 | H49: =SUM(H48) -> 2849 | I49: =SUM(I48) -> 2849 | J49: =SUM(J48) -> 0 | K49: =SUM(K48) -> 0
C50: 104. cím összesen | D50: =D45+D49 -> 10849 | E50: =E45+E49 -> 10849 | F50: =F45+F49 -> 0 | G50: =G45+G49 -> 0 | H50: =H45+H49 -> 10849 | I50: =I45+I49 -> 10849 | J50: =J45+J49 -> 0 | K50: =K45+K49 -> 0
A52: 105 | C52: Önkormányzat
B53: I. | C53: Működési bevételek
C54: 1. Intézményi működési bevétel (segélyek visszafizetése, közig. bírság végrehajtásából) | D54: 5000 | E54: 5000 | H54: 5000 | I54: 5000
C55: 2. Közvetített szolgáltatások ellenértéke (intézményi gázfűtés miatt, háziorvosi rendelők, konyhák) | D55: 8000 | E55: 8000 | H55: 8000 | I55: 8000
C56: 3. Kamat, hozam | D56: 2000 | E56: 2000 | H56: 2000 | I56: 2000
C57: 4. Lakásgazdálkodás, bérleményhasznosítás
C58: 4.1 Bérleti díj bevételek | D58: 35000 | E58: 35000 | H58: 35000 | I58: 35000
C59: 4.2. Dombóvári Városgazdálkodási Nkft-től lakbér, bérleti díj | D59: 664 | E59: 664 | H59: 664 | I59: 664
C60: 5. Közterület használati díj | D60: 3600 | E60: 3600 | H60: 3600 | I60: 3600
C61: 6. Terület bérbeadás | D61: 3200 | E61: 3200 | H61: 3200 | I61: 3200
C62: 7. Táborok bevételei
C63: 7.1. Balatonfenyves | D63: 10000 | F63: 10000 | H63: 10000 | J63: 10000
C64: 7.2. Gunaras | D64: 150 | F64: 150 | H64: 150 | J64: 150
C65: 8. Távhő vagyon bérbeadásából származó bevételek | D65: 29592 | E65: 29592 | H65: 29592 | I65: 29592
C66: 9. Formaingek értékesítése | D66: 406 | E66: 406 | H66: 406 | I66: 406
C67: 10. Tourinform iroda bevétele | D67: 6000 | F67: 6000 | H67: 6000 | J67: 6000
C68: 11. ÖKO-DOMBÓ Nkft. végelszámolása miatt vagyon felosztása | D68: 65635 | E68: 65635 | H68: 65635 | I68: 65635
C69: 12. Farkas Attila Uszoda bevétele | D69: 12000 | F69: 12000 | H69: 12000 | J69: 12000
C71: I. alcím összesen: | D71: =SUM(D54:D70) -> 181247 | E71: =SUM(E54:E70) -> 153097 | F71: =SUM(F54:F70) -> 28150 | G71: =SUM(G54:G70) -> 0 | H71: =SUM(H54:H70) -> 181247 | I71: =SUM(I54:I70) -> 153097 | J71: =SUM(J54:J70) -> 28150 | K71: =SUM(K54:K70) -> 0
B73: II. | C73: Közhatalmi bevételek
C74: 1. Helyi adók
C75: 1.1. Magánszemélyek kommunális adója | D75: 68000 | E75: 68000 | H75: 68000 | I75: 68000
C76: 1.2. Építményadó | D76: 135000 | E76: 135000 | H76: 135000 | I76: 135000
C77: 1.3. Idegenforgalmi adó | D77: 18000 | E77: 18000 | H77: 18000 | I77: 18000
C78: 1.4. Iparűzési adó | D78: 550000 | E78: 550000 | H78: 550000 | I78: 550000
C79: 1.5. Települési adó - földadó | D79: 5000 | E79: 5000 | H79: 5000 | I79: 5000
C80: összesen: | D80: =SUM(D75:D79) -> 776000 | E80: =SUM(E75:E79) -> 776000 | F80: =SUM(F75:F79) -> 0 | G80: =SUM(G75:G79) -> 0 | H80: =SUM(H75:H79) -> 776000 | I80: =SUM(I75:I79) -> 776000 | J80: =SUM(J75:J79) -> 0 | K80: =SUM(K75:K79) -> 0
C82: 2. Átengedett központi adók
C83: 2.1. Gépjárműadó | D83: 50000 | E83: 50000 | H83: 50000 | I83: 50000
C84: összesen: | D84: =SUM(D83:D83) -> 50000 | E84: =SUM(E83:E83) -> 50000 | F84: =SUM(F83:F83) -> 0 | G84: =SUM(G83:G83) -> 0 | H84: =SUM(H83:H83) -> 50000 | I84: =SUM(I83:I83) -> 50000 | J84: =SUM(J83:J83) -> 0 | K84: =SUM(K83:K83) -> 0
C86: 3. Egyéb közhatalmi bevételek
C87: 3.1. pótlék, bírság | D87: 6000 | E87: 6000 | H87: 6000 | I87: 6000
C88: 3.2. talajterhelési díj | D88: 6000 | E88: 6000 | H88: 6000 | I88: 6000
C89: összesen: | D89: =SUM(D87:D88) -> 12000 | E89: =SUM(E87:E88) -> 12000 | F89: =SUM(F87:F88) -> 0 | G89: =SUM(G87:G88) -> 0 | H89: =SUM(H87:H88) -> 12000 | I89: =SUM(I87:I88) -> 12000 | J89: =SUM(J87:J88) -> 0 | K89: =SUM(K87:K88) -> 0
C91: II. alcím összesen: | D91: =D80+D84+D89 -> 838000 | E91: =E80+E84+E89 -> 838000 | F91: =F80+F84+F89 -> 0 | G91: =G80+G84+G89 -> 0 | H91: =H80+H84+H89 -> 838000 | I91: =I80+I84+I89 -> 838000 | J91: =J80+J84+J89 -> 0 | K91: =K80+K84+K89 -> 0
B93: III. | C93: Önkormányzat költségvetési támogatása
C94: 1. Helyi önkormányzat általános működésének és ágazati feladatainak támogatása
C95: 1.1. Általános feladatok támogatása (B111) | D95: 344986 | E95: 344986 | H95: 344986 | I95: 344986
C96: 1.1.1. Költségvetési szerveknél foglalkoztatottak 2018. évi áthúzódó és 2019. évi kompenzációja | D96: 576 | E96: 576 | H96: 576 | I96: 576
C97: 1.2. Egyes köznevelési feladatok támogatása (B112) | D97: 239806 | E97: 239806 | H97: 239806 | I97: 239806
C98: 1.3. Szociális, gyermekjóléti és gyermekétkeztetési feladatok támogatása (B113) | D98: 505309 | E98: 353734 | F98: 151575 | H98: 505309 | I98: 353734 | J98: 151575
C99: 1.3.1. Szociális ágazati összevont pótlék kifizetéséhez támogatás | H99: 23993 | I99: 23993
C100: 1.3.2. Egészségügyi kiegészítő pótlék kifizetéséhez támogatás | H100: 1761 | I100: 1761
C101: 1.4. Kulturális feladatok támogatása (B114) | D101: 22568 | E101: 22568 | H101: 22568 | I101: 22568
C102: 1.4.1. Kulturális pótlék kifizetéséhez támogatás | H102: 678 | I102: 678
C103: összesen: | D103: =SUM(D94:D102) -> 1113245 | E103: =SUM(E94:E102) -> 961670 | F103: =SUM(F94:F101) -> 151575 | G103: =SUM(G94:G101) -> 0 | H103: =SUM(H94:H102) -> 1139677 | I103: =SUM(I94:I102) -> 988102 | J103: =SUM(J94:J101) -> 151575 | K103: =SUM(K94:K101) -> 0
C105: 2. Működési célú költségvetési támogatások és kiegészítő támogatások
C106: 2.1. Költségvetési szerveknél foglalkoztatottak 2018. évi kompenzációja | H106: 2323 | I106: 2323
C107: 2.2. Kiegyenlítő bérrendezési alap támogatás | H107: 38816 | I107: 38816
C108: 2.3. Nappali melegedők hosszított nyitvatartásának támogatása | H108: 5033 | I108: 5033
C109: összesen: | D109: =SUM(D106) -> 0 | E109: =SUM(E106) -> 0 | F109: =SUM(F106) -> 0 | G109: =SUM(G106) -> 0 | H109: =SUM(H106:H108) -> 46172 | I109: =SUM(I106:I108) -> 46172 | J109: =SUM(J106:J108) -> 0 | K109: =SUM(K106:K108) -> 0
C111: 3. Felhalmozási célú önkormányzati támogatások
C112: összesen: | D112: 0 | E112: 0 | F112: 0 | G112: 0 | H112: 0 | I112: 0 | J112: 0 | K112: 0
C114: 4. Elszámolásból származó bevételek
C115: összesen: | D115: 0 | E115: 0 | F115: 0 | G115: 0 | H115: 0 | I115: 0 | J115: 0 | K115: 0
C117: III. alcím összesen: | D117: =SUM(D103,D109,D112,D115) -> 1113245 | E117: =SUM(E103,E109,E112,E115) -> 961670 | F117: =SUM(F103,F109,F112,F115) -> 151575 | G117: =SUM(G103,G109,G112,G115) -> 0 | H117: =SUM(H103,H109,H112,H115) -> 1185849 | I117: =SUM(I103,I109,I112,I115) -> 1034274 | J117: =SUM(J103,J109,J112,J115) -> 151575 | K117: =SUM(K103,K109,K112,K115) -> 0
...

Sheet 2. m. kiadások (2)
K1: 2. melléklet a 9/2019. (II. 28) önkormányzati rendelethez
C3: Önkormányzat
C4: 2019. évi kiadásai
D5: Eredeti előirányzat | H5: Módosított előirányzat
D6: eFt | E6: kötelező feladat | F6: önként vállalt feladat | G6: állami feladat | H6: eFt | I6: kötelező feladat | J6: önként vállalt feladat | K6: állami feladat
A7: Cím | B7: Alcím | C7: Cím neve
A9: 101 | C9: Szivárvány Óvoda és Bölcsőde Dombóvár
B10: I. | C10: Személyi juttatások | D10: 213205 | E10: 213205 | H10: 215056 | I10: 215056
B11: II. | C11: Munkaadókat terh. járulékok és szoc. hozzájár. adó | D11: 41312 | E11: 41312 | H11: 41680 | I11: 41680
B12: III. | C12: Dologi kiadások | D12: 28000 | E12: 28000 | H12: 29024 | I12: 29024
B13: VI. | C13: Beruházások
C14: 1. Kisértékű tárgyi eszköz beszerzés | D14: 1000 | E14: 1000 | H14: 1000 | I14: 1000
C15: Beruházások összesen: | D15: =SUM(D14) -> 1000 | E15: =SUM(E14) -> 1000 | F15: =SUM(F14) -> 0 | G15: =SUM(G14) -> 0 | H15: =SUM(H14) -> 1000 | I15: =SUM(I14) -> 1000 | J15: =SUM(J14) -> 0 | K15: =SUM(K14) -> 0
B16: VII. | C16: Felújítások
C17: 1. Zöld Liget Tagóvoda mosdó felújítás, folyosó lapozása | D17: 5000 | E17: 5000 | H17: 5000 | I17: 5000
C18: 2. Szivárvány Óvoda felújítása | D18: 1000 | E18: 1000 | H18: 1000 | I18: 1000
C19: 3. Uszoda gépészeti felújítása | D19: 1000 | E19: 1000 | H19: 1000 | I19: 1000
C20: Felújítások összesen: | D20: =SUM(D17:D19) -> 7000 | E20: =SUM(E17:E19) -> 7000 | F20: =SUM(F17:F19) -> 0 | G20: =SUM(G17:G19) -> 0 | H20: =SUM(H17:H19) -> 7000 | I20: =SUM(I17:I19) -> 7000 | J20: =SUM(J17:J19) -> 0 | K20: =SUM(K17:K19) -> 0
C21: 101. cím összesen: | D21: =D10+D11+D12+D15+D20 -> 290517 | E21: =E10+E11+E12+E15+E20 -> 290517 | F21: =F10+F11+F12+F15+F20 -> 0 | G21: =G10+G11+G12+G15+G20 -> 0 | H21: =H10+H11+H12+H15+H20 -> 293760 | I21: =I10+I11+I12+I15+I20 -> 293760 | J21: =J10+J11+J12+J15+J20 -> 0 | K21: =K10+K11+K12+K15+K20 -> 0
A23: 102 | C23: Integrált Önkormányzati Szolgáltató Szervezet
B24: I. | C24: Személyi juttatások | D24: 148646 | E24: 148646 | H24: 150214 | I24: 150214
B25: II. | C25: Munkaadókat terh. járulékok és szoc. hozzájár. adó | D25: 28131 | E25: 28131 | H25: 28448 | I25: 28448
B26: III. | C26: Dologi kiadások | D26: 145000 | E26: 145000 | H26: 146696 | I26: 146696
B27: VI. | C27: Beruházások
C28: 1. Ételszállító jármű vásárlása | D28: 3000 | E28: 3000 | H28: 3000 | I28: 3000
C29: 2. Mosogatógép HEMI konyha | D29: 1500 | E29: 1500 | H29: 1500 | I29: 1500
C30: 3. Gáztűzhely HEMI konyha | D30: 450 | E30: 450 | H30: 450 | I30: 450
C31: Beruházások összesen: | D31: =SUM(D28:D30) -> 4950 | E31: =SUM(E28:E30) -> 4950 | F31: =SUM(F28:F30) -> 0 | G31: =SUM(G28:G30) -> 0 | H31: =SUM(H28:H30) -> 4950 | I31: =SUM(I28:I30) -> 4950 | J31: =SUM(J28:J30) -> 0 | K31: =SUM(K28:K30) -> 0
B32: VII. | C32: Felújítások
C33: 1. Szivárvány Óvoda konyha folyosó lapozása | D33: 1270 | E33: 1270 | H33: 1270 | I33: 1270
C34: Felújítások összesen: | D34: =SUM(D33) -> 1270 | E34: =SUM(E33) -> 1270 | F34: =SUM(F33) -> 0 | G34: =SUM(G33) -> 0 | H34: =SUM(H33) -> 1270 | I34: =SUM(I33) -> 1270 | J34: =SUM(J33) -> 0 | K34: =SUM(K33) -> 0
C35: 102. cím összesen: | D35: =SUM(D24:D26)+D31+D34 -> 327997 | E35: =SUM(E24:E26)+E31+E34 -> 327997 | F35: =SUM(F24:F26)+F31+F34 -> 0 | G35: =SUM(G24:G26)+G31+G34 -> 0 | H35: =SUM(H24:H26)+H31+H34 -> 331578 | I35: =SUM(I24:I26)+I31+I34 -> 331578 | J35: =SUM(J24:J26)+J31+J34 -> 0 | K35: =SUM(K24:K26)+K31+K34 -> 0
A37: 103 | C37: Földi István Könyvtár
B38: I. | C38: Személyi juttatások | D38: 17184 | E38: 17184 | H38: 18907 | I38: 18907
B39: II. | C39: Munkaadókat terh. járulékok és szoc. hozzájár. adó | D39: 3351 | E39: 3351 | H39: 3761 | I39: 3761
B40: III. | C40: Dologi kiadások | D40: 17500 | E40: 17500 | H40: 17843 | I40: 17843
B41: VI. | C41: Beruházások
C42: 1. Kisértékű tárgyi eszköz beszerzés | D42: 1000 | E42: 1000 | H42: 1000 | I42: 1000
C43: Beruházások összesen: | D43: =SUM(D42) -> 1000 | E43: =SUM(E42) -> 1000 | F43: =SUM(F42) -> 0 | G43: =SUM(G42) -> 0 | H43: =SUM(H42) -> 1000 | I43: =SUM(I42) -> 1000 | J43: =SUM(J42) -> 0 | K43: =SUM(K42) -> 0
B44: VII. | C44: Felújítások
C45: 1. Kiállítóterek átalakítása, világítás fejlesztése (Kubinyi Program) | D45: 3160 | E45: 3160 | H45: 3160 | I45: 3160
C46: Felújítások összesen: | D46: =SUM(D45:D45) -> 3160 | E46: =SUM(E45:E45) -> 3160 | F46: =SUM(F45:F45) -> 0 | G46: =SUM(G45:G45) -> 0 | H46: =SUM(H45:H45) -> 3160 | I46: =SUM(I45:I45) -> 3160 | J46: =SUM(J45:J45) -> 0 | K46: =SUM(K45:K45) -> 0
C47: 103. cím összesen | D47: =SUM(D38:D40)+D43+D46 -> 42195 | E47: =SUM(E38:E40)+E43+E46 -> 42195 | F47: =SUM(F38:F40)+F43+F46 -> 0 | G47: =SUM(G38:G40)+G43+G46 -> 0 | H47: =SUM(H38:H40)+H43+H46 -> 44671 | I47: =SUM(I38:I40)+I43+I46 -> 44671 | J47: =SUM(J38:J40)+J43+J46 -> 0 | K47: =SUM(K38:K40)+K43+K46 -> 0
C49: 101-103. intézmények összesen | D49: =SUM(D21,D35,D47) -> 660709 | E49: =SUM(E21,E35,E47) -> 660709 | F49: =SUM(F21,F35,F47) -> 0 | G49: =SUM(G21,G35,G47) -> 0 | H49: =SUM(H21,H35,H47) -> 670009 | I49: =SUM(I21,I35,I47) -> 670009 | J49: =SUM(J21,J35,J47) -> 0 | K49: =SUM(K21,K35,K47) -> 0
A51: 104 | C51: Dombóvári Közös Önkormányzati Hivatal
B52: I. | C52: Személyi juttatások | D52: 297506 | E52: 297506 | H52: 301076 | I52: 301076
B53: II. | C53: Munkaadókat terh. járulékok és szoc. hozzájár. adó | D53: 58883 | E53: 58883 | H53: 59579 | I53: 59579
B54: III. | C54: Dologi kiadások | D54: 80000 | E54: 80000 | H54: 83271 | I54: 83271
B55: VI. | C55: Beruházások
C56: 1. Informatikai eszközök, szoftverek beszerzése | D56: 3000 | E56: 3000 | H56: 3000 | I56: 3000
C57: 2. Beruházások Szakcsi Kirendeltség | D57: 650 | E57: 650 | H57: 650 | I57: 650
C58: 3. Kisértékű tárgyi eszköz beszerzés | D58: 5000 | E58: 5000 | H58: 5000 | I58: 5000
C59: Beruházások összesen: | D59: =SUM(D56:D58) -> 8650 | E59: =SUM(E56:E58) -> 8650 | F59: =SUM(F56:F58) -> 0 | G59: =SUM(G56:G58) -> 0 | H59: =SUM(H56:H58) -> 8650 | I59: =SUM(I56:I58) -> 8650 | J59: =SUM(J56:J58) -> 0 | K59: =SUM(K56:K58) -> 0
C60: 104. cím összesen: | D60: =D52+D53+D54+D59 -> 445039 | E60: =E52+E53+E54+E59 -> 445039 | F60: =F52+F53+F54+F59 -> 0 | G60: =G52+G53+G54+G59 -> 0 | H60: =H52+H53+H54+H59 -> 452576 | I60: =I52+I53+I54+I59 -> 452576 | J60: =J52+J53+J54+J59 -> 0 | K60: =K52+K53+K54+K59 -> 0
A62: 105 | C62: Önkormányzat
B63: I. | C63: Személyi juttatások
C64: 1. Foglalkoztatottak személyi juttatásai (közfoglalkoztatottak) | D64: 8636 | F64: 8636 | H64: 8636 | J64: 8636
C65: 2. Választott tisztségviselők juttatásai | D65: 29900 | E65: 29900 | H65: 29900 | I65: 29900
C66: 3. Egyéb külső személyi juttatások | D66: 17000 | E66: 17000 | H66: 17000 | I66: 17000
C67: 4. Sportpályák (DIS, Szuhay Sportcentrum) | D67: 17975 | E67: 17975 | H67: 17975 | I67: 17975
C68: 5. Tourinform iroda | D68: 4096 | F68: 4096 | H68: 4096 | J68: 4096
C69: 6. Nyári diákmunka | D69: 5029 | F69: 5029 | H69: 5029 | J69: 5029
C70: 7. Farkas Attila Uszoda | D70: 9479 | F70: 9479 | H70: 9479 | J70: 9479
C71: 8. Településrészi gondnok, könyvtárosok, pályázati támogatással történő foglalkoztatás | D71: 12163 | E71: 12163 | H71: 12378 | I71: 12378
C72: 9. TOP -5.2.1-15-TL1-2016-00001 A dombóvári Mászlony szegregátumban élők társadalmi integrációjának helyi szintű komplex programja | D72: 1500 | E72: 1500 | H72: 1500 | I72: 1500
C73: 10. TOP -5.2.1-15-TL1-2016-00002 A dombóvári Szigetsor-Vasút szegregátumban élők társadalmi integrációjának helyi szintű komplex programja | D73: 1596 | E73: 1596 | H73: 1596 | I73: 1596
C74: 11. TOP -5.2.1-15-TL1-2016-00003 A dombóvári Kakasdomb-Erzsébet utca szegregációval veszélyeztetett területén élők társadalmi integrációjának helyi szintű komplex programja | D74: 2771 | E74: 2771 | H74: 2771 | I74: 2771
C75: 12. EFOP-3.9.2-16-2017-00047 Humán kapacitások fejlesztése a Dombóvári járásban | D75: 21284 | E75: 21284 | H75: 21284 | I75: 21284
C76: 13. EFOP-1.5.3-16-2017-00063 Humán szolgáltatások fejlesztése a Dombóvári járásban | D76: 23768 | E76: 23768 | H76: 23768 | I76: 23768
C78: I. alcím összesen: | D78: =SUM(D64:D77) -> 155197 | E78: =SUM(E64:E77) -> 127957 | F78: =SUM(F64:F77) -> 27240 | G78: =SUM(G64:G77) -> 0 | H78: =SUM(H64:H77) -> 155412 | I78: =SUM(I64:I77) -> 128172 | J78: =SUM(J64:J77) -> 27240 | K78: =SUM(K64:K77) -> 0
B80: II. | C80: Munkaadókat terh. járulékok és szoc. hozzájár. adó
C81: 1. Foglalkoztatottak személyi juttatásai (közfoglalkoztatottak) | D81: 855 | F81: 855 | H81: 855 | J81: 855
C82: 2. Választott tisztségviselők juttatásai | D82: 5700 | E82: 5700 | H82: 5700 | I82: 5700
C83: 3. Egyéb külső személyi juttatások | D83: 3760 | E83: 3760 | H83: 3760 | I83: 3760
C84: 4. Sportpályák (DIS, Szuhay Sportcentrum) | D84: 3505 | E84: 3505 | H84: 3505 | I84: 3505
C85: 5. Tourinform iroda | D85: 579 | F85: 579 | H85: 579 | J85: 579
C86: 6. Nyári diákmunka | D86: 981 | F86: 981 | H86: 981 | J86: 981
C87: 7. Farkas Attila Uszoda | D87: 1807 | F87: 1807 | H87: 1807 | J87: 1807
C88: 8. Településrészi gondnok, könyvtárosok, pályázati támogatással történő foglalkoztatás | D88: 2391 | E88: 2391 | H88: 2433 | I88: 2433
C89: 9. TOP -5.2.1-15-TL1-2016-00001 A dombóvári Mászlony szegregátumban élők társadalmi integrációjának helyi szintű komplex programja | D89: 293 | E89: 293 | H89: 293 | I89: 293
C90: 10. TOP -5.2.1-15-TL1-2016-00002 A dombóvári Szigetsor-Vasút szegregátumban élők társadalmi integrációjának helyi szintű komplex programja | D90: 311 | E90: 311 | H90: 311 | I90: 311
C91: 11. TOP -5.2.1-15-TL1-2016-00003 A dombóvári Kakasdomb-Erzsébet utca szegregációval veszélyeztetett területén élők társadalmi integrációjának helyi szintű komplex programja | D91: 540 | E91: 540 | H91: 540 | I91: 540
C92: 12. EFOP-3.9.2-16-2017-00047 Humán kapacitások fejlesztése a Dombóvári járásban | D92: 3176 | E92: 3176 | H92: 3176 | I92: 3176
C93: 13. EFOP-1.5.3-16-2017-00063 Humán szolgáltatások fejlesztése a Dombóvári járásban | D93: 4595 | E93: 4595 | H93: 4595 | I93: 4595
C95: II. alcím összesen: | D95: =SUM(D81:D94) -> 28493 | E95: =SUM(E81:E94) -> 24271 | F95: =SUM(F81:F94) -> 4222 | G95: =SUM(G81:G94) -> 0 | H95: =SUM(H81:H94) -> 28535 | I95: =SUM(I81:I94) -> 24313 | J95: =SUM(J81:J94) -> 4222 | K95: =SUM(K81:K94) -> 0
B97: III. | C97: Dologi kiadások
C98: 1. Polgármesteri keret | D98: 2000 | F98: 2000 | H98: 2000 | J98: 2000
C99: 2. Intézményi vagyonbiztosítás és felelősségbiztosítás | D99: 2400 | E99: 2400 | H99: 2400 | I99: 2400
C100: 3. Foglalkoztatás eü. szolg. | D100: 1250 | E100: 1250 | H100: 1250 | I100: 1250
C101: 4. Intézményi gáz | D101: 2300 | E101: 2300 | H101: 2300 | I101: 2300
C102: 5. Város- és községgazdálkodás | D102: 40000 | E102: 40000 | H102: 39700 | I102: 39700
C103: 6. Helyi utak fenntartása | D103: 22000 | E103: 22000 | H103: 22000 | I103: 22000
C104: 7. Útburkolati jelek festése | D104: 3500 | E104: 3500 | H104: 3500 | I104: 3500
C105: 8. Belvízvédelem, települési vízellátás | D105: 6000 | E105: 6000 | H105: 6000 | I105: 6000
C106: 9. Ingatlanok üzemeltetése | D106: 30000 | E106: 30000 | H106: 30000 | I106: 30000
C107: 10. Köztisztaság, parkfenntartás
C108: 10.1. Hulladékgyűjtés kezelés, egyéb takarítás, közterület-takarítás, kézi szeméttárolók ürítése | D108: 90000 | E108: 90000 | H108: 90000 | I108: 90000
C109: 10.2. Utak szennyeződés mentesítése, gépi síkosságmentesítés és hóeltakarítás közutakon | D109: 20000 | E109: 20000 | H109: 20000 | I109: 20000
C110: 10.3. Zöldterület kezelés | D110: 40000 | E110: 40000 | H110: 40000 | I110: 40000
C111: 11. Közterületen lévő fák, fasorok cseréje, telepítése, rendezése, nyesése, eseti fakivágások
...

Sheet 2.a KÖH (2)
S1: 2.a. melléklet a 9/2019. (II. 28.) önkormányzati rendelethez
A3: Dombóvári Közös Önkormányzati Hivatal
A4: 2019. évi kiemelt kiadási előirányzata
B6: Személyi juttatások | D6: Munkaadókat terhelő járulékok és szociális hozzájárulási adó | F6: Dologi kiadások | H6: Ellátottak pénzbeli juttatásai | J6: Egyéb működési célú kiadások | L6: Beruházások | N6: Felújítások | P6: Egyéb felhalmozási célú kiadások | R6: Kiadás összesen
B7: eredeti ei. | C7: mód. ei. | D7: eredeti ei. | E7: mód. ei. | F7: eredeti ei. | G7: mód. ei. | H7: eredeti ei. | I7: mód. ei. | J7: eredeti ei. | K7: mód. ei. | L7: eredeti ei. | M7: mód. ei. | N7: eredeti ei. | O7: mód. ei. | P7: eredeti ei. | Q7: mód. ei. | R7: eredeti ei. | S7: mód. ei.
A8: KÖH Dombóvár | B8: 273006 | C8: 273208 | D8: 54233 | E8: 54272 | F8: 76300 | G8: 79571 | H8: 0 | I8: 0 | J8: 0 | K8: 0 | L8: 8000 | M8: 8000 | N8: 0 | O8: 0 | P8: 0 | Q8: 0 | R8: =B8+D8+F8+H8+J8+L8+N8+P8 -> 411539 | S8: =C8+E8+G8+I8+K8+M8+O8+Q8 -> 415051
A9: KÖH Szakcsi Kirendeltsége | B9: 24500 | C9: 27868 | D9: 4650 | E9: 5307 | F9: 3700 | G9: 3700 | H9: 0 | I9: 0 | J9: 0 | K9: 0 | L9: 650 | M9: 650 | N9: 0 | O9: 0 | P9: 0 | Q9: 0 | R9: =B9+D9+F9+H9+J9+L9+N9+P9 -> 33500 | S9: =C9+E9+G9+I9+K9+M9+O9+Q9 -> 37525
A10: Összesen: | B10: =B8+B9 -> 297506 | C10: =C8+C9 -> 301076 | D10: =D8+D9 -> 58883 | E10: =E8+E9 -> 59579 | F10: =F8+F9 -> 80000 | G10: =G8+G9 -> 83271 | H10: =H8+H9 -> 0 | I10: =I8+I9 -> 0 | ... S10: =S8+S9 -> 452576

Sheet 3. m. létszám
F1: 3. melléklet a 9/2019. (II. 28.) önkormányzati rendelethez
A3: Dombóvár Város Önkormányzata intézményeinek
A4: létszámkerete 2019. évben
A5: Intézmény megnevezése | B5: Engedélyezett létszám (fő)
B6: Szakmai létszám | C6: Nevelő munát közvetlenül segítők | D6: Technikai létszám | E6: Megváltozott munkaképességű dolgozók | F6: Összesen
A8: Szivárvány Óvoda és Bölcsőde Dombóvár
A9: Bölcsőde | B9: 14 | C9: 0 | D9: 3 | E9: 0 | F9: =SUM(B9:E9) -> 17
A10: Óvoda | B10: 32 | C10: 23 | D10: 0 | E10: 3 | F10: =SUM(B10:E10) -> 58
A11: Integrált Önkormányzati Szolgáltató Szervezet | B11: 23 | C11: 0 | D11: 39 | E11: 2 | F11: =SUM(B11:E11) -> 64
A12: Tinódi Könyvtár | B12: 6 | C12: 0 | D12: 2 | E12: 0 | F12: =SUM(B12:E12) -> 8
A13: Dombóvári Közös Önkormányzati Hivatal
A14: Dombóvár | B14: 67 | C14: 0 | D14: 4 | E14: 5 | F14: =SUM(B14:E14) -> 76
A15: Szakcs | B15: 7 | C15: 0 | D15: 0 | E15: 0 | F15: =SUM(B15:E15) -> 7
A16: Önkormányzat | B16: 6 | C16: 0 | D16: 15 | E16: 0 | F16: =SUM(B16:E16) -> 21
A18: Összesen: | B18: =B9+B10+B11+B12+B14+B15+B16 -> 155 | C18: =C9+C10+C11+C12+C14+C15+C16 -> 23 | D18: =D9+D10+D11+D12+D14+D15+D16 -> 63 | E18: =E9+E10+E11+E12+E14+E15+E16 -> 10 | F18: =F9+F10+F11+F12+F14+F15+F16 -> 251

Sheet 4. melléklet (2)
K1: 4. melléklet a 9/2019. (II. 28.) önkormányzati rendelethez
A3: Működési és fejlesztési célú bevételek és kiadások mérlege
A4: 2017-19. év
A6: Bevételek megnevezése | G6: Kiadások megnevezése
B7: 2017. tény | C7: 2018. tény | D7: 2019. eredeti | E7: 2019. mód. ei. | H7: 2017. tény | I7: 2018. tény | J7: 2019. eredeti | K7: 2019. mód. ei.
B8: eFt | C8: eFt | H8: eFt | I8: eFt
A9: Intézményi működési bevételek | B9: 196842 | C9: 239215 | D9: ='1. m. bevételek (2)'!D13+'1. m. bevételek (2)'!D22+'1. m. bevételek (2)'!D31+'1. m. bevételek (2)'!D45+'1. m. bevételek (2)'!D71 -> 288047 | E9: ='1. m. bevételek (2)'!H13+'1. m. bevételek (2)'!H22+'1. m. bevételek (2)'!H31+'1. m. bevételek (2)'!H45+'1. m. bevételek (2)'!H71 -> 288047 | G9: Személyi juttatások | H9: 644513 | I9: 733332 | J9: ='2. m. kiadások (2)'!D10+'2. m. kiadások (2)'!D24+'2. m. kiadások (2)'!D38+'2. m. kiadások (2)'!D52+'2. m. kiadások (2)'!D78 -> 831738 | K9: ='2. m. kiadások (2)'!H10+'2. m. kiadások (2)'!H24+'2. m. kiadások (2)'!H38+'2. m. kiadások (2)'!H52+'2. m. kiadások (2)'!H78 -> 840665
A10: Közhatalmi bevételek | B10: 797342 | C10: 823846 | D10: ='1. m. bevételek (2)'!D91 -> 838000 | E10: ='1. m. bevételek (2)'!H91 -> 838000 | G10: Munkaadókat terh. jár. és szoc. hozzáj. adó | H10: 143411 | I10: 149468 | J10: ='2. m. kiadások (2)'!D11+'2. m. kiadások (2)'!D25+'2. m. kiadások (2)'!D39+'2. m. kiadások (2)'!D53+'2. m. kiadások (2)'!D95 -> 160170 | K10: ='2. m. kiadások (2)'!H11+'2. m. kiadások (2)'!H25+'2. m. kiadások (2)'!H39+'2. m. kiadások (2)'!H53+'2. m. kiadások (2)'!H95 -> 162003
A11: Állami hozzájárulások és támogatások | B11: 1252532 | C11: 1173885 | D11: ='1. m. bevételek (2)'!D117-D22 -> 1113245 | E11: ='1. m. bevételek (2)'!H117-E22 -> 1185849 | G11: Dologi kiadások | H11: 816279 | I11: 877991 | J11: ='2. m. kiadások (2)'!D12+'2. m. kiadások (2)'!D26+'2. m. kiadások (2)'!D40+'2. m. kiadások (2)'!D54+'2. m. kiadások (2)'!D179 -> 1041843 | K11: ='2. m. kiadások (2)'!H12+'2. m. kiadások (2)'!H26+'2. m. kiadások (2)'!H40+'2. m. kiadások (2)'!H54+'2. m. kiadások (2)'!H179 -> 1068349
A12: Működési célú támogatás államháztartáson belülről | B12: 150294 | C12: 252239 | D12: ='1. m. bevételek (2)'!D148+'1. m. bevételek (2)'!D49 -> 236178 | E12: ='1. m. bevételek (2)'!H148+'1. m. bevételek (2)'!H49+'1. m. bevételek (2)'!H18+'1. m. bevételek (2)'!H27+'1. m. bevételek (2)'!H36 -> 239621 | G12: Egyéb működési célú kiadások Áht-n belülre, Áht-n kívülre | H12: 586830 | I12: 609728 | J12: ='2. m. kiadások (2)'!D214+'2. m. kiadások (2)'!D240 -> 632032 | K12: ='2. m. kiadások (2)'!H214+'2. m. kiadások (2)'!H240 -> 673085
A13: Működési célú pénzeszközátvétel államháztartáson kívülről | B13: 5183 | C13: 1000 | D13: ='1. m. bevételek (2)'!D164 -> 0 | E13: ='1. m. bevételek (2)'!H164 -> 0 | G13: Ellátottak pénzbeli juttatásai | H13: 27292 | I13: 33660 | J13: ='2. m. kiadások (2)'!D205 -> 53769 | K13: ='2. m. kiadások (2)'!H205 -> 59399
A14: Működési célú kölcsönök visszatérülése | B14: 1540 | C14: 2000 | D14: ='1. m. bevételek (2)'!D184 -> 24200 | E14: ='1. m. bevételek (2)'!H184 -> 29200 | G14: Rövidlejáratú hitel visszafizetése | H14: 984239 | I14: 868729 | J14: ='2. m. kiadások (2)'!D377 -> 0 | K14: ='2. m. kiadások (2)'!H377 -> 606467
A15: Működési célú maradvány | B15: 71588 | C15: 248107 | D15: ='1. m. bevételek (2)'!D202 -> 126809 | E15: ='1. m. bevételek (2)'!H202 -> 258904 | G15: Működési célú kölcsönnyújtás | H15: 9400 | I15: 11750 | J15: ='2. m. kiadások (2)'!D259 -> 7000 | K15: ='2. m. kiadások (2)'!H259 -> 16350
A16: Működési célú hitelfelvétel | B16: 984239 | C16: 868729 | D16: ='1. m. bevételek (2)'!D219 -> 0 | E16: ='1. m. bevételek (2)'!H219 -> 606467 | G16: Céltartalék, általános tartalék (működési) | H16: 1178 | I16: 0 | J16: ='2. m. kiadások (2)'!D251+'2. m. kiadások (2)'!D253 -> 25575 | K16: ='2. m. kiadások (2)'!H251+'2. m. kiadások (2)'!H253 -> 141911
A17: Államháztartáson belüli megelőlegezések | B17: 38852 | C17: 41198 | D17: ='1. m. bevételek (2)'!D222 -> 0 | E17: ='1. m. bevételek (2)'!H222 -> 0 | G17: Államháztartáson belüli megelőleg. visszafizetése | H17: 39627 | I17: 38852 | J17: ='2. m. kiadások (2)'!D380 -> 41199 | K17: ='2. m. kiadások (2)'!H380 -> 41199
A19: Működési célú bevételek összesen: | B19: =SUM(B9:B18) -> 3498412 | C19: =SUM(C9:C18) -> 3650219 | D19: =SUM(D9:D18) -> 2626479 | E19: =SUM(E9:E18) -> 3446088 | G19: Működési célú kiadások összesen: | H19: =SUM(H9:H17) -> 3252769 | I19: =SUM(I9:I18) -> 3323510 | J19: =SUM(J9:J18) -> 2793326 | K19: =SUM(K9:K18) -> 3609428
A21: Felhalmozási bevételek | B21: 117618 | C21: 315391 | D21: ='1. m. bevételek (2)'!D128 -> 436982 | E21: ='1. m. bevételek (2)'!H128 -> 482401 | G21: Beruházások | H21: 203517 | I21: 393652 | J21: ='2. m. kiadások (2)'!D15+'2. m. kiadások (2)'!D31+'2. m. kiadások (2)'!D43+'2. m. kiadások (2)'!D59+'2. m. kiadások (2)'!D308 -> 656089 | K21: ='2. m. kiadások (2)'!H15+'2. m. kiadások (2)'!H31+'2. m. kiadások (2)'!H43+'2. m. kiadások (2)'!H59+'2. m. kiadások (2)'!H308 -> 682070
A22: Felhalmozási célú állami támogatás | B22: 32480 | C22: 2268 | D22: ='1. m. bevételek (2)'!D112 -> 0 | E22: ='1. m. bevételek (2)'!H112 -> 0 | G22: Felújítások | H22: 225339 | I22: 235033 | J22: ='2. m. kiadások (2)'!D20+'2. m. kiadások (2)'!D46+'2. m. kiadások (2)'!D343+'2. m. kiadások (2)'!D34 -> 365446 | K22: ='2. m. kiadások (2)'!H20+'2. m. kiadások (2)'!H46+'2. m. kiadások (2)'!H343+'2. m. kiadások (2)'!H34 -> 416633
A23: Felhalmozási célú pénzeszköz átvétele | B23: 2737 | C23: 532 | D23: ='1. m. bevételek (2)'!D168 -> 2000 | E23: ='1. m. bevételek (2)'!H168 -> 2000 | G23: Egyéb felhalmozási célú kiadások Áht-n belülre, Áht-n kívülre | H23: 13303 | I23: 10093 | J23: ='2. m. kiadások (2)'!D347+'2. m. kiadások (2)'!D359 -> 23015 | K23: ='2. m. kiadások (2)'!H347+'2. m. kiadások (2)'!H359 -> 16860
A24: Felhalmozási célú támogatás államháztartáson belülről | B24: 236297 | C24: 189886 | D24: ='1. m. bevételek (2)'!D158 -> 361353 | E24: ='1. m. bevételek (2)'!H158 -> 332253 | G24: Felhalmozási célú hitel törlesztés | H24: 17109 | I24: 20584 | J24: ='2. m. kiadások (2)'!D376 -> 20668 | K24: ='2. m. kiadások (2)'!H376 -> 20668
A25: Felhalmozási célú kölcsönök visszatérülése | B25: 357 | C25: 23885 | D25: ='1. m. bevételek (2)'!D177 -> 8850 | E25: ='1. m. bevételek (2)'!H177 -> 8850 | G25: Céltartalék (felhalmozási) | H25: 290 | I25: 420 | J25: ='2. m. kiadások (2)'!D367 -> 137620 | K25: ='2. m. kiadások (2)'!H367 -> 86433
A26: Felhalmozási célú maradvány | B26: 420413 | C26: 383010 | D26: ='1. m. bevételek (2)'!D213 -> 323000 | E26: ='1. m. bevételek (2)'!H213 -> 323000 | G26: Felhalmozási célú kölcsönnyújtás | H26: 3390 | I26: 0 | J26: 0 | K26: 0
A27: Felhalmozási célú hitelfelvétel | B27: 38541 | C27: 0 | D27: ='1. m. bevételek (2)'!D218 -> 237500 | E27: ='1. m. bevételek (2)'!H218 -> 237500
A29: Felhalmozási célú bevételek összesen: | B29: =SUM(B21:B28) -> 848443 | C29: =SUM(C21:C28) -> 914972 | D29: =SUM(D21:D28) -> 1369685 | E29: =SUM(E21:E28) -> 1386004 | G29: Felhalmozási célú kiadások összesen: | H29: =SUM(H21:H28) -> 462948 | I29: =SUM(I21:I28) -> 659782 | J29: =SUM(J21:J28) -> 1202838 | K29: =SUM(K21:K28) -> 1222664
A32: Önkormányzati bevételek | B32: =SUM(B29,B19) -> 4346855 | C32: =SUM(C29,C19) -> 4565191 | D32: =SUM(D29,D19) -> 3996164 | E32: =SUM(E29,E19) -> 4832092 | G32: Önkormányzati kiadások | H32: =SUM(H29,H19) -> 3715717 | I32: =SUM(I29,I19) -> 3983292 | J32: =SUM(J29,J19) -> 3996164 | K32: =SUM(K29,K19) -> 4832092

Sheet 5.a melléklet-hitelek
M1: 5.a melléklet a 9/2019. (II. 28.) önkormányzati rendelethez
A4: Több éves kihatással járó döntések számszerűsítése
A7: Rövid lejáratú hitelek, kölcsönök törlesztése
M8: Ft
A9: Sorsz. | B9: Megnevezés | C9: 2019. 01.01. nyitóállomány | D9: Hitelfelvétel | E9: Törlesztések évente
E10: 2019. | F10: 2020. | G10: 2021. | H10: 2022. | I10: 2023. | J10: 2024. | K10: 2025. | L10: 2026-tól | M10: Összesen
A11: 1. | M11: =SUM(E11:L11) -> 0
A12: 2. | M12: =SUM(E12:L12) -> 0
A13: 3. | M13: =SUM(E13:L13) -> 0
B14: Összesen: | C14: =SUM(C11:C13) -> 0 | E14: =SUM(E11:E13) -> 0 | F14: =SUM(F11:F13) -> 0 | G14: =SUM(G11:G13) -> 0 | H14: =SUM(H11:H13) -> 0 | I14: =SUM(I11:I13) -> 0 | J14: =SUM(J11:J13) -> 0 | K14: =SUM(K11:K13) -> 0 | L14: =SUM(L11:L13) -> 0 | M14: =SUM(M11:M13) -> 0
A16: Hosszú lejáratú beruházási hitelek törlesztése
M17: Ft
A18: Sorsz. | B18: Megnevezés | C18: 2019. 01.01. nyitóállomány | D18: Hitelfelvétel | E18: Törlesztések évente | M18: Törlesztés összesen
E19: 2019. | F19: 2020. | G19: 2021. | H19: 2022. | I19: 2023. | J19: 2024. | K19: 2025. | L19: 2026-tól
A20: 1. | B20: OTP - MFB ÖKIF (013204158112) | C20: 5957000 | D20: 0 | E20: 2172000 | F20: 2172000 | G20: 1613000 | H20: 0 | I20: 0 | J20: 0 | K20: 0 | L20: 0 | M20: =SUM(E20:L20) -> 5957000
A21: 2. | B21: OTP - MFB ÖKIF (013204158110) | C21: 2818984 | D21: 0 | E21: 1120000 | F21: 1120000 | G21: 578984 | H21: 0 | I21: 0 | J21: 0 | K21: 0 | L21: 0 | M21: =SUM(E21:L21) -> 2818984
A22: 3. | B22: OTP - MFB ÖKIF (013204158113) | C22: 6140000 | D22: 0 | E22: 2240000 | F22: 2240000 | G22: 1660000 | H22: 0 | I22: 0 | J22: 0 | K22: 0 | L22: 0 | M22: =SUM(E22:L22) -> 6140000
A23: 4. | B23: OTP - MFB ÖKIF (013204158111) | C23: 3690000 | D23: 0 | E23: 1340000 | F23: 1340000 | G23: 1010000 | H23: 0 | I23: 0 | J23: 0 | K23: 0 | L23: 0 | M23: =SUM(E23:L23) -> 3690000
A24: 5. | B24: OTP - MFB ÖKIF (013204158109) | C24: 1535000 | D24: 0 | E24: 560000 | F24: 560000 | G24: 415000 | H24: 0 | I24: 0 | J24: 0 | K24: 0 | L24: 0 | M24: =SUM(E24:L24) -> 1535000
A25: 6. | B25: OTP - MFB ÖKIF (013204158114) | C25: 39116540 | D25: 0 | E25: 13236000 | F25: 13236000 | G25: 12644540 | H25: 0 | I25: 0 | J25: 0 | K25: 0 | L25: 0 | M25: =SUM(E25:L25) -> 39116540
A26: 7. | B26: OTP célhitel beruházásokra (1-2-18-4600-0174-4) | C26: 0 | D26: 237500000 | E26: 0 | F26: 26388888 | G26: 26388888 | H26: 26388888 | I26: 26388888 | J26: 26388888 | K26: 26388888 | L26: 79166672 | M26: =SUM(E26:L26) -> 237500000
B27: Összesen: | C27: =SUM(C20:C26) -> 59257524 | D27: =SUM(D20:D26) -> 237500000 | E27: =SUM(E20:E26) -> 20668000 | F27: =SUM(F20:F26) -> 47056888 | G27: =SUM(G20:G26) -> 44310412 | H27: =SUM(H20:H26) -> 26388888 | I27: =SUM(I20:I26) -> 26388888 | J27: =SUM(J20:J26) -> 26388888 | ... M27: =SUM(M20:M26) -> 296757524

Sheet 5.b melléklet-kezességv.
A1: 5.b melléklet a 9/2019. (II. 28.) önkormányzati rendelethez
B3: Garancia és kezességvállalás (függő)
K4: eFt
B5: Megnevezés | C5: Kezesség típusa | D5: Kezességvállalás mértéke/hitelkeret eFt | E5: Kezességvállalás kezdete | F5: Kezességvállalás időtartama/ lejárata | G5: 2019. évi nyitó | H5: 2019. évi növekedés | I5: Csökkenés 2019-ben | J5: Csökkenés 2020-ban | K5: Csökkenés 2021-ben
A6: 1.
A7: 2.
A8: 3.

Sheet 5.c melléklet-szerződések-KÖH
E1: 5.c melléklet a 9/2019. (II. 28.) önkormányzati rendelethez
A3: Több évre kihatással járó kötelezettségvállalások 2018-2019. évi kifizetései (Dombóvári Közös Önkormányzati Hivatal)
E5: Ft-ban
E6: 1
A7: Szerződő fél | B7: Tárgy | C7: Lejárat/ teljesítési határidő | D7: Várható összeg (Ft/év) 2019. | E7: Összeg (Ft/év) 2018
A9: ABACUS Számítástechnikai Bt. | B9: WinSzoc szoftver jogszabálykövetése | C9: határozatlan | D9: 208026 | E9: 212027
A10: Allianz Hungária Biztosító RT | B10: gépjármű-felelősség biztosítás /EIE, BIT, JHG, LLP, JLV, LKU/, Casco+kieg. életbiztosítás /BIT, JHG, EIE, JLV, LKU/ | C10: határozatlan | D10: 389721 | E10: 320775
A11: Budapest Főváros Kormányhivatala | B11: TAKARNET adatátv.hálózathoz-hálózati díj és tuladoni lap más | C11: lekérdezés alapján havonta | D11: 200000 | E11: 386600
A12: Budapest Főváros Kormányhivatala | B12: e-hiteles tuljadoni lap más.,nem hiteles térképmás...-Szakcs | C12: lekérdezés alapján havonta | D12: 50000 | E12: 32800
A13: Chlebovics Miklós ev. | B13: statisztika elkészítése, szaktanácsadás-KataWin program | C13: határozatlan | D13: 150000 | E13: 150000
A14: Daemia Kft. | B14: vírusirtó program Linux operációs rendszer | C14: határozatlan | D14: 825500 | E14: 762000
A15: Daemia Kft. | B15: Kaspersky vírus-és spam védelem-licensz | C15: határozatlan | D15: 532511 | E15: 532511
A16: Dombóvár és Környéke Többcélú Kistérségi Társulás | B16: D.vár Bezerédj u.14.sz.alatti helyiségek haszn-i és rezsiktg | C16: 43830 | D16: 59937 | E16: 59937
A17: Dr. Hegedűs és Társa Egészségügyi és Szolg. Bt. | B17: üzemorvos-Szakcs | C17: határozatlan | D17: 42000 | E17: 42000
A18: DRV | B18: vízdíj-hivatal, Szakcs | C18: határozatlan | D18: 1072200 | E18: 704618
A19: E.ON Energiaszolgáltató Kft. | B19: rendszerhasználati díj-hivatali épületek | C19: határozatlan | D19: 1099072 | E19: 1099072
A20: E.ON Energiaszolgáltató Kft. | B20: áram-Szakcs | C20: határozatlan | D20: 32692 | E20: 32692
A21: E.ON Energiaszolgáltató Kft. | B21: gáz-Szabadság u. 18. (városháza) | C21: határozatlan | D21: 1 778 000 | E21: 1 773 903
A22: E-Szoftverfejlesztő Kft. | B22: felhasználói díj+rendszerkövetés-KATAWIN szoftver | C22: határozatlan | D22: =E6*E22 -> 136550 | E22: 136550
A23: EURO-PROFIL Kft. | B23: Konica Minolta Bizhub 420 fénymásológép üzemeltetése (P1419) | C23: 2018.12.31. (szerződés módosítás folyamatban) | D23: 220000 | E23: 123273
A24: EURO-PROFIL Kft. | B24: Konica Minolta Bizhub 227 fénymásológép üzemeltetése (P1683) | C24: 43770 | D24: 308257 | E24: 325694
A25: EURO-PROFIL Kft. | B25: Konica Minolta Bizhub 423 fénymásológép üzemeltetése (P1593) | C25: határozatlan | D25: 279400 | E25: 347708
A26: EURO-PROFIL Kft. | B26: Konica Minolta Bizhub C224 fénymásológép üzemeltetése (P1586) | C26: határozatlan | D26: 571500 | E26: 613430
A27: EURO-PROFIL Kft. | B27: Konica Minolta Bizhub C454e fénymásoló űzemeltetése (P2509) | C27: 44304 | D27: 358140 | E27: 410235
A28: EURO-PROFIL Kft. | B28: Konica Minolta Bizhub C454eH fénymásoló űzemeltetése (P2573) | C28: 44508 | D28: 328575 | E28: 0
A29: EURO-PROFIL Kft. | B29: HP Designjet T120 A1 Plotter tintasug. nyomtató bérlete | C29: 44044 | D29: =14745*12 -> 176940 | E29: 162195
A30: EURO-PROFIL Kft. | B30: Utángyártott toner | C30: 44147 | D30: 506734 | E30: 0
A31: Fleetcor Kft (volt SHELL HUNGARY ZRT) | B31: üzemanyag, kártyadíj | C31: határozatlan | D31: 3423280 | E31: 2 949 947
A32: GOND-X Biztonságtechnikai és Kereskedelmi Kft. | B32: Távfelügy, készenlét és karb.-Bezerédj u. 14. | C32: határozatlan | D32: 887152 | E32: 887152
A33: GOND-X Biztonságtechnikai és Kereskedelmi Kft. | B33: hivatali diszpécser szolgálat-Szent I. tér 1. | C33: határozatlan | D33: 410480 | E33: 410480
A34: GOND-X Biztonságtechnikai és Kereskedelmi Kft. | B34: bizt.techn távfelügy., műszaki készenlét és karb.-Szab. 18. | C34: határozatlan | D34: 235032 | E34: 235032
A35: GreenDoc System Kft. | B35: WinPA postázó szoftver követés, emelt szintű támogatás | C35: határozatlan | D35: 0 | E35: 77724
A36: JakabNet Szoftverház Kft. | B36: Integrált Közszolg. Szoftvercsomag követése-pü,szoc...modul-Szakcs | C36: határozatlan | D36: 205740 | E36: 154688
A37: K&H Biztosító Zrt. | B37: felelősségbiztosítás, casco-JLV-415 | C37: határozatlan | D37: 40108 | E37: 41246
A38: K&H Biztosító Zrt. | B38: felelősségbiztosítás-LHL-651 (Szakcs) | C38: határozatlan | D38: 57392 | E38: 57392
A39: K&H Biztosító Zrt. | B39: felelősségbiztosítás-EIE-487 | C39: határozatlan | D39: 50856 | E39: 50856
A40: K&H Biztosító Zrt. | B40: felelősségbiztosítás-LLP-126 | C40: határozatlan | D40: 41948 | E40: 41948
A41: Karádi-Kontroll Kft. | B41: munkavédelmi tanácsadás | C41: határozatlan | D41: 244080 | E41: 223760
A42: Karádiné Kurucz Klára e.v. | B42: munkavédelmi tanácsadás-Szakcs | C42: határozatlan | D42: 144000 | E42: 132000
A43: KIMÉRA Kft. | B43: Jogszabálykövetés /iktató rendszer/ | C43: határozatlan | D43: 155448 | E43: 142494
A44: Komunáldata Számítástechnikai Fejlesztő és Szolgáltató Kft | B44: szoftverfelügyelet /Műk. eng., Telephely eng. | C44: határozatlan | D44: =30480*3 -> 91440 | E44: 91440
A45: Komunáldata Számítástechnikai Fejlesztő és Szolgáltató Kft | B45: 2D vonalkóddal ellát.űrlapcsomag karbant.-adó | C45: határozatlan | D45: 45720 | E45: 45720
A46: Komunáldata Számítástechnikai Fejlesztő és Szolgáltató Kft | B46: szállás nyilvántartó program üzemeltetés | C46: határozatlan | D46: 30480 | E46: 22860
A47: Komunáldata Számítástechnikai Fejlesztő és Szolgáltató Kft | B47: ado 24 nyomtatvány (elektronikusan kitölthető forma) | C47: határozatlan | D47: 10795 | E47: 10795
A48: Kutas Péter ügyvéd | B48: jogi közreműködés, képviselet, tanácsadás, és állásfoglalás elkészítése | C48: határozatlan | D48: 2063750 | E48: 0
A49: KOREND RENDSZERHÁZ KFT. | B49: Gordius pü-i program, FOKA könyvelés rednszer felügyelete | C49: határozatlan | D49: 1436370 | E49: 861822
A50: MAGIC/onyx/Magyarország Kft | B50: Magic program karbantartása, (Gordius-hoz) | C50: határozatlan | D50: 89154 | E50: 89154
A51: Magyar Posta Zrt. | B51: készpénz-átutalási megbízások adathordozójának díjai | C51: határozatlan | D51: 185000 | E51: 162940
A52: Magyar Posta Zrt. | B52: postai küldemények havi díja | C52: határozatlan | D52: 7500000 | E52: 6409472
A53: Magyar Telekom Nyrt. | B53: tűzjelző rendszer telefonvonala-Bezerédj u. 14. | C53: határozatlan | D53: 21567 | E53: 21795
A54: Magyar Telekom Nyrt. | B54: vezetékes telefonok, és internet - Szakcs | C54: határozatlan | D54: 628251 | E54: 580212
A55: Magyar Telekom Nyrt. | B55: mobiltelefon előfizetése-Szakcs (30/501-3166) | C55: határozatlan | D55: 167320 | E55: 143856
A56: Márton Zoltán ev. | B56: PH épületek fűtési rendszerek üzemeltetése, karbantartása | C56: folyamatban | D56: =7*25400 -> 177800 | E56: 177800
A57: Microsec Zrt. | B57: e-Szigno Csomag keretében együttesen nyújtott szolgáltatások | C57: határozatlan | D57: 61341 | E57: 61341
A58: MOL Nyrt | B58: üzemanyag - szakcs | C58: megrendelő | D58: 275150 | E58: 275150
A59: MVM Partner Energiakereskedelmi Zrt. | B59: villamosenergia-hivatali épületek | C59: határozatlan | D59: 120000 | E59: 99426
A60: Nemzeti Hulladékgazdálkodási és Vagyonkezelő Zrt. | B60: Szab. 18, Bez. 14. kukák ürítése | C60: határozatlan | D60: 1045740 | E60: 0
A61: Opten Informatikai Kft. | B61: cégtár online (pü-i modul) éves előfizetés | C61: lemondásig érvényben | D61: =E61*E6 -> 98092 | E61: 98092
A62: Opten Informatikai Kft. | B62: Önkormányzati vállalkozás-figyelés -adósok | C62: megrendelő | D62: 327353 | E62: 317510
A63: ÖKO-DOMBÓ KFT | B63: Bezerédj 14. kuka bérlete (2016.04.01-től NHKV üríti) | C63: határozatlan | D63: =1270*12 -> 15240 | E63: 11430
A64: PaprikaSoft Kft. | B64: tárhely szolgáltatás(www.dombovar.hu) | C64: határozatlan | D64: =E64*E6 -> 60960 | E64: 60960
A65: Print Copy Kft. | B65: fénymásolók üzemeltetési költsége (AF3045,MP5500,MP3351) | C65: határozatlan | D65: 240900 | E65: 225741
A66: RELLÜM Kft. | B66: fénymásoló másolatok díja (Minolta 250) | C66: határozatlan | D66: 50800 | E66: 46226
A67: Saldo Rt. | B67: tagdíj | C67: határozatlan | D67: =(E67)*E6 -> 215900 | E67: =215900 -> 215900
A68: TAGE Kft. | B68: Polg. Hiv. takarítása, felhasznált higéniai szerek | C68: határozatlan | D68: 12253595 | E68: 10969155
A69: Tapaszti Gyula | B69: portaszolgálat | C69: határozatlan | D69: 1500000 | E69: 945500
A70: TARR Kft. | B70: internet-előfizetési díj, internet optikai szálbérlet,kábelTV… | C70: határozatlan | D70: 2336144 | E70: 2336144
A71: TARR Kft. | B71: internet-előfizetési díj-Szakcs | C71: határozatlan | D71: 82086 | E71: 82086
A72: Telenor Magyarország Zrt. | B72: mobil távközlési szolgáltatások és mobil telefonok vásárlása | C72: határozatlan | D72: 3045100 | E72: 2998493
A73: Tolna Megyei Kormányhivatal | B73: helyi személyiadat és lakcímnyilvánt. számgépes rendsz.karbt | C73: határozatlan | D73: =(15000+15000)*4*E6 -> 120000 | E73: 120000
A74: Tolna Megyei Ügyvédi Kamara | B74: kamarai jogtanácsosi díj | C74: megrendelő | D74: 105600 | E74: 105600
A75: UNIQA Biztosító Zrt. | B75: felelősségbiztosítás-LFA-110 (Renault Mégane) | C75: határozatlan | D75: 125146 | E75: 125146
A76: UNION Vienna Insurance Group Biztosító Zrt. | B76: gépjármű-felelősség biztosítás + casco - BIT-249 | C76: határozatlan | D76: 63844 | E76: 63844
A77: VARITEL Irodatechnika | B77: fénymásoló (KONICA Minolta BizHub 283)bérleti díja | C77: 2018.12.31. szerződés módosítás folyamatban | D77: 296543 | E77: 266839
A78: VARITEL Irodatechnika | B78: Develop Ineo +227e fénymásoló bérlete, lapköltsége | C78: 44308 | D78: 226110 | E78: 226110
A79: VARITEL Irodatechnika | B79: fénymásoló bérlete (Develop Ineo 224e) | C79: 44255 | D79: 200000 | E79: 136267
A80: VARITEL Irodatechnika | B80: fénymásoló (KONICA Minolta BizHub 420)bérleti díja, üzemeltetési díja | C80: határozatlan | D80: 14255 | E80: 14255
A81: VARITEL Irodatechnika (Rostás Jenőné) | B81: Irodaszer beszerzés | C81: 43865 | D81: 3176711 | E81: 0
A82: Veolia Zrt. (Dombóvárhő) | B82: fűtési díj ( Bezerédj 14.) | C82: határozatlan | D82: 2887251 | E82: 2566823
A83: Werner Tamás e.v. (WS Works) | B83: garázsmester gépkocsi nyilvántartó program, és szoftver éves díja, karbantartása | C83: megrendelő | D83: 210000 | E83: 0
A84: Wolters Kluwer Kft. | B84: előfizetések (jogtárak, döntvénytár) | C84: megrendelő | D84: 979932 | E84: 979932
A85: X-R Copy Kft. | B85: másolatok díja-Kon. Min. Bizhub 163. és 210.-Szakcs | C85: határozatlan | D85: 75580 | E85: 71331
C86: Összesen: | D86: =SUM(D9:D85) -> 56100291 | E86: =SUM(E9:E85) -> 40946056

Sheet 5.c melléklet-szerződések-Önk
E1: 5.c melléklet a 9/2019. (II. 28.) önkormányzati rendelethez
A3: Több évre kihatással járó kötelezettségvállalások 2018-2019. évi kifizetései (Dombóvár Város Önkormányzata)
E5: Ft-ban
E6: 1
A7: Szerződő fél | B7: Tárgy | C7: Lejárat/ teljesítési határidő | D7: Várható összeg (Ft/év) 2019. | E7: Összeg (Ft/év) 2018.
A9: 5T Építészeti és Városfejlesztési Kft. | B9: Településrendezési tervek módosítása | D9: 422910 | E9: 1691641
A10: AEGON Magyarország Zrt | B10: Vagyonbiztosítás | C10: határozatlan | D10: 2 489 916 | E10: 1824385
A11: Allianz Hungária Biztosító RT | B11: klasszikus élet- és személybiztosítás (Szabó Loránd) | C11: 43739 | D11: 840 135 | E11: 1 417 027
A12: ARKER-INVEST Kft | B12: Dombóvár városkártya-jogdíj | C12: 44196 | D12: 635000 | E12: 0
A13: ATEV Fehérjefeldolgozó Rt. | B13: állati hulladék szállítása | C13: határozatlan | D13: 2867747 | E13: 2867747
A14: AQUALOR Kft | B14: ivóvíz-szennyvízhálózat tervezési munkái-Kéknefelejcs u. | C14: 43249 | D14: =450000*1.27 -> 571500 | E14: 0
A15: AQUALOR Kft | B15: ivóvíz-szennyvízhálózat tervezési munkái-Bezerédj u. | C15: 43249 | D15: =800000*1.27 -> 1016000 | E15: 0
A16: Balaskó János e.v. | B16: városi fúvószenekar felkészítése | C16: 2018.12.31 (évente új szerződés) | D16: =(12*30000)+60000 -> 420000 | E16: 300000
A17: BALUX Építő és Szolgáltató Ipari Bt. | B17: Platán tér 1-3-5. csapadékvíz rendezési munkái | C17: 43424 | D17: 2087891 | E17: 696000
A18: Bartal és Rabb Kft | B18: Korona Szálló állagmegóvási terve | D18: 1714500 | E18: 0
A19: BIOKOM Nonprofit Kft. | B19: 32 m3-es konténer bérlete-Lucza hegyi hulladékudvar | C19: határozatlan | D19: =E19 -> 36195 | E19: 36195
A20: BIOKOM Nonprofit Kft. | B20: 15 m3-es konténer bérlete-Lucza hegyi hulladékudvar (padkaszemét gyűjtéséhez) | C20: határozatlan | D20: =67818*13 -> 881634 | E20: 67818
A21: BIOKOM Nonprofit Kft. | B21: zöldhulladék szállítása, ártalmatlanítása | C21: határozatlan | D21: =E21 -> 423498 | E21: 423498
A22: BIOKOM Nonprofit Kft. | B22: úttisztításból származó hulladék szállítása, ártalmatlanítása | C22: határozatlan | D22: =9396192/3 -> 3132064 | E22: 816970
A23: CAMINUS Tüzeléstechnikai Kft. | B23: kéményseprés (bérlakások, nem lakóingatlanok) | C23: határozatlan | D23: =E23*E6 -> 444195 | E23: 444195
A24: Csillag Társasház IB. | B24: vill. hálózat haszn. díja (térfigyelő r.) | C24: határozatlan | D24: =12*480+4*480 -> 7680 | E24: 3845
A25: Csillag Társasház IB. | B25: közös költség-Csillagház (bérlakások) | C25: határozatlan | D25: =17*13415+26830 -> 254885 | E25: 53660
A26: Czinege és Társa Szolg. Bt. | B26: önkormányzat által kijelölt ingatlanok értékbecslése | C26: 44018 | D26: 76200 | E26: 76200
A27: Dél-Kom Nkft. | B27: közszolgáltatási feladatok ellátása-települési hulladék gyűjtése, kezelése, Kaposszekcsői hulladéklerakóra való beszállítása | C27: határozatlan | D27: 616327 | E27: 616327
A28: Dombó Pál Lakásépítő és Fenntartó | B28: közös ktg-Pannónia u. 34., 38. (hőközpontok) | C28: határozatlan | D28: =(12*5345)+(12*5230) -> 126900 | E28: 242380
A29: Dombó Pál Lakásépítő és Fenntartó | B29: közös költség Ady u. 8. üzlethelyiség | C29: határozatlan | D29: 48380 | E29: 48380
A30: DOMBÓ-COOP ZRT | B30: Településrendezési terv módosítása | C30: 42735 | D30: 355600 | E30: 0
A31: DOMBÓ-LAND KFT. | B31: tagi kölcsön 260/2016 (V.26.) Kt. határozat alapján | D31: 1750000 | E31: 0
A32: DOMBÓ-LAND KFT. | B32: projektmenedzsment feladatok-TOP-5.1.2-15-TL1-2016-00002 | C32: 43889 | D32: =14*173612 -> 2430568 | E32: 1909732
A33: Dombó-Média Kft | B33: Városmarketing és kommunikációs tevékenység | C33: 43830 | D33: 31000000 | E33: 31000000
A34: Dombó-Média Kft | B34: tájékoztatási és nyilvánosságbiztosítási feladatok-TOP-4.3.1-15-TL1-2016-00003 | C34: 43738 | D34: 266700 | E34: 0
A35: Dombó-Média Kft | B35: tájékoztatási és nyilvánosságbiztosítási feladatok-TOP-5.2.1-15-TL1-2016-00001 | C35: 44074 | D35: 17000 | E35: 86650
A36: Dombó-Média Kft | B36: marketing és kommunikációs feladatok-TOP-5.2.1-15-TL1-2016-00001 | C36: 44074 | D36: 198800 | E36: 85000
A37: Dombó-Média Kft | B37: tájékoztatási és nyilvánosságbiztosítási feladatok-TOP-5.2.1-15-TL1-2016-00002 | C37: 44074 | D37: 17000 | E37: 86650
A38: Dombó-Média Kft | B38: marketing és kommunikációs feladatok-TOP-5.2.1-15-TL1-2016-00002 | C38: 44074 | D38: 520000 | E38: 230000
A39: Dombó-Média Kft | B39: marketing és kommunikációs feladatok-TOP-5.2.1-15-TL1-2016-00003 | C39: 44074 | D39: 551750 | E39: 230000
A40: Dombó-Média Kft | B40: tájékoztatási és nyilvánosságbiztosítási feladatok-TOP-5.2.1-15-TL1-2016-00003 | C40: 44074 | D40: 17000 | E40: 86650
A41: Dombóvár 1043/4 sz. Társasház | B41: Pannónia u. 56. rendelő közös ktg.-fel.ellátási szerz. alap. | D41: =66900*3 -> 200700 | E41: 66900
A42: Dombóvár 1043/4 sz. Társasház | B42: közös költség-Pannónia u. 54, Pannónia u. 56. (bérlakások) | C42: határozatlan | D42: =2*110580+55290 -> 276450 | E42: 110580
A43: Dombóvárhő Kkt. | B43: távhő-Ady u. 8. (volt ÖKO-DOMBÓ iroda) | C43: határozatlan | D43: =28780+12*14390 -> 201460 | E43: 14390
A44: Dombóvárhő Kkt. | B44: fűtés-Apáczai (konyha) | C44: határozatlan | D44: 781049 | E44: 781049
A45: Dombóvárhő Kkt. | B45: fűtés-JAÁMK | C45: 44926 | D45: =E45*E6 -> 430271 | E45: 430271
A46: Dombóvárhő Kkt. | B46: fűtési díj-Illyés Gimázium (kollégium) | C46: határozatlan | D46: 826138 | E46: 826138
A47: Dombóvárhő Kkt. | B47: üres bérlakások fűtése | C47: határozatlan | D47: 62342 | E47: 62342
A48: dombóvári civil szervezetek támogatása | B48: HACS Egyesület által kiírásra kerülő "A" típusú - kisléptékű infrastruktúrafejlesztés és tárgyi eszköz beszerzés- elnevezésű felhívsra benyújtandó pályázat elkészítéséhez külső szakértő igénybe vételének támogatása | D48: =50000+100000+60000+50000+150000+40000+100000+100000+60000 -> 710000 | E48: 0
A49: Dombóvári Illyés Gyula Gimnáziumért Alapítvány | B49: Gimnáziumi Tehetséggondozó Program | C49: határozatlan | D49: 500000 | E49: 500000
A50: Dombóvári Szent Lukács Kórház | B50: vill. hálózat haszn. díja (térfigyelő r.) | C50: határozatlan | D50: 4978 | E50: 4978
A51: Dombóvári Város- és Lakásgazd. Nkft. | B51: közfeladatok ellátása | C51: határozatlan | D51: 54301583 | E51: 54301583
A52: Dombóvári Város- és Lakásgazd. Nkft. | B52: Rákóczi u. járdafelújításhoz kapcsolódó anyagköltség | C52: 43524 | D52: =6165379-544160 -> 5621219 | E52: =165100+280000+99060 -> 544160
A53: Dombóvári Vízmű Kft. | B53: viziközmű-fejlesztéssel kapcs. műszaki tanácsadói feladatok | C53: 43220 | D53: 0 | E53: =4*508000 -> 2032000
A54: Dombóvári Vízmű Kft. | B54: távhővagyon | D54: 0 | E54: 12850473
A55: Dombóvári Vízmű Kft. | B55: Farkas Attila Tanuszoda adás-vétele | C55: 44196 | D55: 5282573 | E55: 26187427
A56: Dombóvári Vízmű Kft. | B56: Ingatlanvásárlás - 947/7 hrsz. \"kivett fűtőmű\" | C56: 43356 | D56: 1700000 | E56: 1700000
A57: dr. Pucsli és Tsa. Bt. | B57: üzemorvosi ellátás | C57: határozatlan | D57: =103450*12+2*102620 -> 1446640 | E57: 1026810
A58: dr. Pucsli és Tsa. Bt. | B58: iskola eü. feladat | C58: határozatlan | D58: =11*24000+12*24000 -> 552000 | E58: 24000
A59: dr. Turi Ügyvédi Iroda | B59: megbízási díj - jogi tanácsadás | C59: határozatlan | D59: =330000*15 -> 4950000 | E59: 4819650
A60: DRV Zrt | B60: víz-önkormányzati fogyasztási helyek | C60: határozatlan | D60: =E60*E6 -> 4605160 | E60: 4605160
A61: DRV Zrt | B61: 2016-2030. évi gördülő fejlesztési terv operatív évében szereplő igények végrehajtása-2017. év | C61: 43100 | D61: 22225000 | E61: 0
A62: DRV Zrt | B62: Szennyvízátemelőkhöz 4 db Grundfos szivattyú beszerzése | C62: megrendelő | D62: 4945621 | E62: 0
A63: ECOLINE Zrt. | B63: Szakvélemény készítése a dombóvári szennyvíztisztító telep vagyonfelosztásáról | C63: 43496 | D63: 381000 | E63: 0
A64: E.ON Energiaszolgáltató Kft. | B64: rendszerhasználati díj-ingatlanok, vízátemelők stb… | C64: határozatlan | D64: =E64 -> 3766134 | E64: 3766134
A65: E.ON Energiaszolgáltató Kft. | B65: közvilágítás | C65: határozatlan | D65: =E65 -> 5831615 | E65: 5831615
A66: E.ON Energiaszolgáltató Kft. | B66: gáz-ingatlanok | C66: határozatlan | D66: =E66 -> 5386581 | E66: 5386581
A67: E.ON Energiaszolgáltató Kft. | B67: gáz-Szuhay SC (Földvár u. 18.) | C67: határozatlan | D67: =E67*E6 -> 7609049 | E67: 7609049
A68: Emberi Erőforrás Támogatáskezelő | B68: Bursa Hungarica ösztöndíj | C68: határozatlan | D68: 5836000 | E68: 5836000
A69: Emergency Service Egészségügyi Szolgáltató Kft. | B69: ügyeleti feladatok ellátása | C69: 45046 | D69: =1130693+12*226116 -> 3844085 | E69: 1583151
A70: FERLING Tanácsadó és Szolgáltató Kft. | B70: rendezvényszervezési, lebonyolítási, dokumentálási és catering szolgáltatások-EFOP-1.5.3-16-2017-00063 | C70: 43860 | D70: =10911323*1.27 -> 13857380 | E70: 1704340
A71: FERLING Tanácsadó és Szolgáltató Kft. | B71: rendezvényszervezési, lebonyolítási, dokumentálási és catering szolgáltatások-EFOP-3.9.2-16-2017-00047 | C71: 43860 | D71: =37598122*1.27 -> 47749615 | E71: 9119235
A72: Fekete Tamás e.v. | B72: Dombóvár Junior kártya kialakítása | C72: 44196 | D72: 500000 | E72: 0
A73: Festett-Jel Kft | B73: úthálózat és burkolt közterületeken útburkolati jelek felújító festése | C73: 43419 | D73: 1535938 | E73: 0
A74: Fortuna Vendéglátó Kkt. | B74: EFOP-3.9.2-16-2017-00047 Óvodai szemléletformáló workshopokhoz, Kapcsolat programokhoz: szülő és köznevelési intézmény programokhoz és az Erdei óvodához kapcsolódó catering | C74: 43890 | D74: =4295927/2 -> 2147963.5 | E74: 1413129
A75: Gamaterv Mérnökiroda Bt. | B75: rehabilitációs környezettervező szakértői feladatok-TOP-3.2.1-15-TL1-2016-00026 épületenergetikai korszerűsítés a dombóvári Illyés Gyula Gimnázium épületén | C75: kivitelezéshez igazodóan | D75: =420000 -> 420000 | E75: 0
A76: Garden Force Kft. | B76: Szigeterdő közösségi tér kertépészeti engedélyezési és kiviteli tervezési munkái | C76: engedélyezési terv: 2018.12.29 , kiviteli terv: enged. Terv elfogadásától számított 60 nap | D76: =3650000*1.27 -> 4635500 | E76: 0
A77: Gond-X Kft. | B77: Szigeterdei lakótorony 24 órás távfelügyelete, Termál u. 5. nyaraló | C77: határozatlan | D77: =E77/3*5 -> 592828.33 | E77: 355697
A78: Gond-X Kft. | B78: Junior Étterem 24 órás távfelügyelete, műszaki kész. és karb. Riasztóhoz | C78: határozatlan | D78: 164664 | E78: 164664
A79: Gond-X Kft. | B79: beépített tűzátjelző rendszer távfelügyelete-Park u. 2. Fogyatékkal Élők Otthona | C79: határozatlan | D79: =E79/8*16 -> 944094 | E79: 472047
A80: Gond-X Kft. | B80: biztonságtechn. távfelügy.,műszaki kész./karb.-Termál u. 5. | C80: határozatlan | D80: 290665 | E80: 290665
A81: Gond-X Kft. | B81: 24 órás rádiós távfelügyelet-Ady u. 8. (volt ÖKO-Dombó iroda) | C81: határozatlan | D81: =15735*4 -> 62940 | E81: 0
A82: Groupama Garancia Biztosító Zrt. | B82: Orvosi felelősségbiztosítás-dr. Pucsli E. (Bajcsy Zs. 5.) | C82: határozatlan | D82: 18000 | E82: =4500*4 -> 18000
A83: Gunaras Gyógyfürdő és Idegenforgalmi Zrt | B83: ajándéktárgyak értékesítése bizományosi szerződés alapján | C83: határozatlan | D83: =E83 -> 391479 | E83: 391479
A84: Gunaras Gyógyfürdő és Idegenforgalmi Zrt | B84: kerékpár bérlés-Gunaras | C84: határozatlan | D84: 203000 | E84: 203000
A85: Halmai József e.v. | B85: rágcsáló, kártevő és rovarírtás | C85: 43524 | D85: 449580 | E85: 449580
A86: Horváth Jánosné | B86: ingatlanvásárlás-Kótház u. 2/A. I. emelet 7. lakás-TOP-4.3.1-15-TL1-2016-00003 | C86: 43496 | D86: 3000000 | E86: 0
A87: Horváthné Kiss Zsuzsanna | B87: ingatlanvásárlás-Szigetsor u. 11/B. (1932/4. hrsz.) | C87: 43496 | D87: 1261285 | E87: 1438715
A88: Hübner Mátyás e.v. | B88: településképi rendelet és Településképi Arculati Kézikönyv elkészítése | C88: 43434 | D88: 2700000 | E88: 0
A89: Intergált Önkormányzati Szolgáltató Szervezet | B89: veszélyes hulladék elszállítása-orvosi rendelők | C89: határozatlan | D89: 64530 | E89: 64530
A90: INVESTMENT Mérnöki és Fővállalkozó Kft. | B90: Pannónia utca kerékpársáv felújítása | C90: 43419 | D90: 3 784 600 | E90: 0
A91: Kapos-Koppányvölgyi Vízi Társ. | B91: Szuhajdombi árok üzemeltetése | C91: 43978 | D91: 858637 | E91: 0
A92: Karádi-Kontroll Kft | B92: Tűzvédelmi feladatok elvégzése | C92: határozatlan | D92: =13*5080 -> 66040 | E92: 50800
A93: Kisvárosi Önk.Orsz.Érdekszöv. | B93: éves tagdíj | C93: határozatlan | D93: 147688 | E93: 146 488
A94: Kiszler András e.v. | B94: ifjúsági fúvószenekar felkészítése | C94: 2018.12.31 (évente új szerződés) | D94: =12*30000+30000 -> 390000 | E94: 360000
A95: Klímabarát Települések Szövetsége | B95: egyesületi tagdíj | C95: határozatlan | D95: 100000 | E95: 100000
A96: KOVI-95 KFT. | B96: hóeltakarítás, síkosságmentesítés | C96: 43539 | D96: =E96 -> 6612765 | E96: =3038285+1565467+2009013 -> 6612765
A97: KOVI-95 KFT. | B97: Dvár helyi közútjainak kátyúzása, karbantartása, útjelző táblák karb. … | C97: 43830 | D97: =E97 -> 20766405 | E97: 20766405
A98: KOVI-95 KFT. | B98: Mászlony település utcáit összekötő út javítása | C98: 43454 | D98: 1 778 000 | E98: 0
A99: KOVI-95 KFT. | B99: volt Népkonyha épülete mögött 3 db lakóépület bontása-TOP-4.3.1-15-TLI-2016-00004 Kakasdomb-Erzsébet u. | C99: 43431 | D99: 1 219 200 | E99: 0
A100: KOVI-95 KFT. | B100: Erzsébet u. 16. épület bontása-TOP-4.3.1-15-TL1-2016-00004 | C100: 43479 | D100: 6444781 | E100: 0
A101: KOVI-95 KFT. | B101: Ady E. utcát és Árnyas utcát összekötő köz részbeni járdafelújítása | C101: 43511 | D101: =1181029*1.27 -> 1499906.8 | E101: 0
A102: Közép-Dunántúli Vizügy.Ig.Balatoni Kir. | B102: mederhasználat díja Balatonfenyves tábor | C102: határozatlan | D102: 73587 | E102: 73587
A103: Magnólia Art Kertépítő Kft. | B103: Tinódi Ház környezete kertépészeti tendertervének elkészítése | C103: katasztrófavédelmi hatóság véleményétől számított 60 nap | D103: =2000000*1.27 -> 2540000 | E103: 0
...

Sheet 6. melléklet
A1: 6. melléklet a 9/2019. (II. 28.) önkormányzati rendelethez
A3: Dombóvár Város Önkormányzatának költségvetési mérlege
D4: eFt
A5: Bevételek | B5: 2020. év | C5: 2021. év | D5: 2022. év
A6: Intézményi működési bevételek | B6: 243170 | C6: 245000 | D6: 250000
A7: Helyi adók | B7: 776000 | C7: 776000 | D7: 776000
A8: Gépjárműadó | B8: 50000 | C8: 50000 | D8: 50000
A9: Egyéb központi adók | B9: 0 | C9: 0 | D9: 0
A10: Egyéb közhatalmi bevételek | B10: 14300 | C10: 15000 | D10: 16000
A11: Állami hozzájárulások és támogatások | B11: 1120000 | C11: 1140000 | D11: 1160000
A12: Működési célú tám. államháztartáson belülről | B12: 93000 | C12: 94000 | D12: 96000
A13: Működési célú pénzeszköz átvétel | B13: 6000 | C13: 6500 | D13: 8000
A14: Működési célú hitelfelvétel | B14: 0 | C14: 0 | D14: 0
A15: Működési célú maradvány | B15: 6000 | C15: 6000 | D15: 6000
A16: Kölcsön visszatérülés | B16: 2000 | C16: 2000 | D16: 2000
A17: Működési célú bevételek összesen | B17: =SUM(B6:B16) -> 2310470 | C17: =SUM(C6:C16) -> 2334500 | D17: =SUM(D6:D16) -> 2364000
A18: Fejlesztési célú állami támogatás | B18: 0 | C18: 0 | D18: 0
A19: Felhalmozási bevételek | B19: 235000 | C19: 240000 | D19: 245000
A20: Felhalmozási célú támogatás államháztartáson belülről | B20: 48000 | C20: 50000 | D20: 51000
A21: Felhalmozási célú pénzeszköz átvétel | B21: 13000 | C21: 14000 | D21: 14700
A22: Felhalmozási célú kölcsön visszatérülés | B22: 3500 | C22: 4000 | D22: 4000
A23: Felhalmozási célú hitel igénybevétele | B23: 0 | C23: 0 | D23: 0
A24: Felhalmozási célú maradvány | B24: 250000 | C24: 260000 | D24: 270000
A25: Felhalmozási célú bevétel összesen: | B25: =SUM(B18:B24) -> 549500 | C25: =SUM(C18:C24) -> 568000 | D25: =SUM(D18:D24) -> 584700
A26: Bevétel összesen: | B26: =B17+B25 -> 2859970 | C26: =C17+C25 -> 2902500 | D26: =D17+D25 -> 2948700
A28: Kiadások | B28: 2020. év | C28: 2021. év | D28: 2022. év
A29: Személyi juttatások összesen: | B29: 830000 | C29: 900000 | D29: 970000
A30: Munkaadókat terh. jár. és szoc. hozzáj. adó | B30: 145000 | C30: 157500 | D30: 169750
A31: Dologi kiadások | B31: 860000 | C31: 880000 | D31: 890000
A32: Működési célú pénzeszköz átadás, egyéb tám. | B32: 480000 | C32: 485000 | D32: 490000
A33: Ellátottak pénzbeli juttatása | B33: 38000 | C33: 39000 | D33: 40000
A34: Rövid lejáratú hitel visszafizetés | B34: 0 | C34: 0 | D34: 0
A35: Rövid lejáratú hitel kamat | B35: 7500 | C35: 8000 | D35: 8000
A36: Működési célú kölcsönnyújtás | B36: 0 | C36: 0 | D36: 0
A37: Céltartalék működési, általános tartalék | B37: 5000 | C37: 5000 | D37: 5000
A38: Működési kiadás összesen | B38: =SUM(B29:B37) -> 2365500 | C38: =SUM(C29:C37) -> 2474500 | D38: =SUM(D29:D37) -> 2572750
A39: Felújítási kiadások | B39: 150000 | C39: 160000 | D39: 165000
A40: Beruházások | B40: 160000 | C40: 170000 | D40: 150000
A41: Felhalmozási célú pénzeszköz átadás | B41: 7000 | C41: 7000 | D41: 7350
A42: Felhalmozási célú hitel visszafizetés | B42: 47057 | C42: 44310 | D42: 26389
A43: Hosszú lejáratú hitel kamata | B43: 11044 | C43: 9161 | D43: 7389
A44: Felhalmozási célú kölcsön nyújtás | B44: 0 | C44: 0 | D44: 0
A45: Céltartalék | B45: 119369 | C45: 37529 | D45: 19822
A46: Felhalmozási kiadások összesen: | B46: =SUM(B39:B45) -> 494470 | C46: =SUM(C39:C45) -> 428000 | D46: =SUM(D39:D45) -> 375950
A47: Kiadások összesen: | B47: =B38+B46 -> 2859970 | C47: =C38+C46 -> 2902500 | D47: =D38+D46 -> 2948700

Sheet 7. melléklet
A1: 7. melléklet a 9/2019. (II. 28.) önkormányzati rendelethez
A3: Az önkormányzat által nyújtott közvetett támogatások
A5: Támogatás kedvezményezettje | B5: jellege | C5: várható összege (eFt)
A6: 65 év feletti adózók | B6: kommunális adó kedvezmény (50%) | C6: 3998
A7: 70 év feletti adózók | B7: kommunális adó mentesség | C7: 21664
A8: Vállalkozó akinek adóalapja nem haladja meg a 2,5 millió forintot | B8: iparűzési adómentesség | C8: 6000
A9: Magánszemélyek (akik legfeljebb 8 szobás és legfeljebb 16 ágyszámmal rendelkező szálláshelyen töltenek el vendégéjszakát) | B9: idegenforgalmi adó mentesség | C9: 1500
A10: Gyermekétkeztetés | B10: térítési díj kedvezmény (10%) | C10: 2718
A11: Sportszervezetek, nemzetiségi önkormányzatok, önkormányzat gazdasági társaságai | B11: térítésmentes bérlet | C11: 11000
A13: I. Helyi adónál biztosított kedvezmény, mentesség
A14: Az építményadóról szóló 41/2015. (XII. 1.) önkormányzati rendelet
A15: A Gunaras-fürdő területén található, az ingatlan-nyilvántartásban üdülő, hétvégi ház megnevezéssel nyilvántartott építmény utáni építményadó-fizetési kötelezettségét illetően adókedvezmény iránti kérelemmel élhet az adóhatóság felé az a magánszemély, aki az építmény tulajdonosa vagy az építményt terhelő vagyoni értékű jog jogosítottja, amennyiben az építményben egyedül vagy hozzátartozójával együtt életvitelszerűen lakik.
A17: A magánszemélyek kommunális adójáról, az idegenforgalmi adóról és a helyi iparűzési adóról szóló 40/2015. (XII. 1.) önkormányzati rendelet
A19: Magánszemélyek kommunális adójánál
A20: A lakás után fizetendő magánszemélyek kommunális adója alól mentes az a magánszemély, aki a 70. életévét betöltötte. 50 %-os adókedvezmény illeti meg azt a magánszemélyt, aki a 65. életévét betöltötte.
A21: Tulajdonjog, illetve haszonélvezeti jog alapján a kedvezmény 974 adózót, a mentesség 2.303 adózót érintett az előző évben.
A22: A használatbavételi engedély kiadását követő évtől számítva 2 évig mentes a magánszemélyek kommunális adófizetési kötelezettsége alól az a magánszemély, aki új építésű családi házat épít.
A23: 20 %-os adókedvezmény illeti meg azt a magánszemélyt, akinek e rendelet 1. melléklete I., II., vagy III. övezetébe sorolt lakóingatlana előtti közút nem rendelkezik aszfaltburkolattal.
A24: Azok a magánszemélyek, akik az ingatlanuk előtt önerőből járdafelújítást végeznek, kérelemre 2 éves időtartamra 50 %-os kommunális adókedvezményt vehetnek igénybe.
A25: Adókedvezmény illeti meg azt a magánszemélyt, aki a Rendelet 1. melléklete szerinti I. vagy II. övezetben lakást vásárolt és ott állandó lakóhelyet létesített.
A27: Idegenforgalmi adónál
... A37: III. Helyiségek, eszközök hasznosításából származó bevételből nyújtott kedvezmény, mentesség összege
A39: támogatásról szóló döntés száma | B39: ingatlan megnevezése | C39: támogatás kedvezményezettje
A40: 336/2014. (VIII. 28.) Kt. határozat | B40: Dombóvár, Földvár utcában található, dombóvári 1882/2 hrsz. alatt felvett „volt MÁV étkezde” ingatlan területén a Szigeterdő mellett elhelyezkedő, 1.350 m2 nagyságú teniszpálya 2022. január 31-ig | C40: Dombóvári Tenisz Egyesület
A41: 426/2014. (XII. 18.) Kt. határozat | B41: Dombóvár, Bezerédj u. 14. szám alatti, dombóvári 1306. hrsz.-ú ingatlanon épült társas irodaházban alábbi helyiségek: a) A Nemzetiségi Közösségi Ház – a nagyterem a kiszolgálóhelyiségekkel együtt (1306/A/2. külön helyrajzi szám), iroda (bemutatóterem) 18,90 m2 (1306/A/3. külön helyrajzi szám egyik irodahelyisége) iroda 18,40 m2 (1306/A/3. külön helyrajzi szám egyik irodahelyisége), b) a Német Közösségi Ház – pince (alagsor és mellékhelyiségei) (1306/A/1. külön helyrajzi szám) 2019. december 31-ig | C41: Dombóvári Német Nemzetiségi Önkormányzat, Dombóvári Horvát Nemzetiségi Önkormányzat
A42: 429/2014. (XII. 18.) Kt. határozat | B42: dombóvári, 1971/1 helyrajzi számon felvett, Dombóvár, Kinizsi u. 37. szám alatt található Jam-csarnok megjelölésű ingatlan U alakú épületében kialakított ökölvívó terem, az ökölvívó terem melletti edzőterem (2019. december 31-ig) | C42: Dombóvári Boxklub
A43: 431/2014. (XII. 18.)Kt. határozat | B43: dombóvári 0328/1 hrsz.-ú, a gyepmesteri telepet is magában foglaló ingatlan (2019. december 31-ig) | C43: Dombóvári Kutyás Egyesület
A44: 472/2014. (XII. 18.)Kt. határozat | B44: Művelődési Ház (Dombóvár, Hunyadi tér 25.) ingatlan, hang- és fénytechnikai eszközök, mobilszínpad | C44: Dombóvári Művelődési Ház Nkft.
A45: 483/2014. (XII. 18.)Kt. Határozat | B45: Dombóvár, Hunyadi tér 25. számú ingatlanban a Kft. működéséhez szükséges helyiségeket | C45: Dombó-Média Kft.
A46: 572/2015. (XII. 17.)Kt. Határozat | B46: Katona József utca 37. szám alatt található Dombóvári Ifjúsági Sporttelep centerpályája és az északi kis pálya esetében 2019.december 31-ig térítésmentes használat | C46: Dombóvári Futball Club, Dombóvári Focisuli Egyesület, „Black Angels” Női labdarúgó Egyesület
A47: 29/2016. (I. 28.) Kt. Határozat | B47: Dombóvár, Kinizsi u. 37. szám alatt található, Jam-csarnok elnevezésű ingatlan U-alakú épületének északi szárnyában található, a Dombóvári Boxklub használatában lévő ökölvívó terem közüzemi költségeinek finanszírozását 2016. február 1. napjától határozatlan időtartamig átvállalta az önkormányzat | C47: Dombóvári Boxklub
A48: 312/2018. (IX. 27.) Kt. Határozat | B48: Dombóvár 1890 hrsz-ú, természetben Dombóvár, Földvár u. 18. szám alatt lévő sportingatlan (2019. december 31-ig) | C48: Dombóvári Focisuli Egyesület

Sheet 8. melléklet
A1: 8. melléklet a 9/2019. (II. 28.) önkormányzati rendelethez
A2: Dombóvár Város Önkormányzata 2019. évi előirányzat felhasználási terve
O5: eFt
C6: 1. hó | D6: 2. hó | E6: 3. hó | F6: 4. hó | G6: 5. hó | H6: 6. hó | I6: 7. hó | J6: 8. hó | K6: 9. hó | L6: 10. hó | M6: 11. hó | N6: 12. hó | O6: Összesen
A7: Bevételek
A8: 1 | B8: Intézményi működési bevétel | C8: 20500 | D8: 23500 | E8: 25500 | F8: 24500 | G8: 24100 | H8: 23800 | I8: 25000 | J8: 25000 | K8: 23700 | L8: 24000 | M8: 25600 | N8: 22847 | O8: =SUM(C8:N8) -> 288047
A9: 2 | B9: Közhatalmi bevételek | C9: 12000 | D9: 25000 | E9: 272000 | F9: 22000 | G9: 20000 | H9: 11465 | I9: 12620 | J9: 21543 | K9: 313000 | L9: 21000 | M9: 22000 | N9: 85372 | O9: =SUM(C9:N9) -> 838000
B10: ebből helyi adó | C10: 5500 | D10: 20000 | E10: 271500 | F10: 13000 | G10: 16000 | H10: 3500 | I10: 4500 | J10: 17000 | K10: 311000 | L10: 14000 | M10: 15000 | N10: 85000 | O10: =SUM(C10:N10) -> 776000
A11: 3 | B11: Felhalmozási bevételek | C11: 19743 | D11: 29431 | E11: 28000 | F11: 45000 | G11: 50000 | H11: 43600 | I11: 40257 | J11: 44000 | K11: 34000 | L11: 38500 | M11: 32256 | N11: 32195 | O11: =SUM(C11:N11) -> 436982
A12: 4 | B12: Önkormányzat költségvetési támogatása | C12: 133585 | D12: 89060 | E12: 89060 | F12: 89060 | G12: 89060 | H12: 89060 | I12: 89060 | J12: 89060 | K12: 89060 | L12: 89060 | M12: 89060 | N12: 89060 | O12: =SUM(C12:N12) -> 1113245
A13: 5 | B13: Átvett pénzeszközök, támogatás államháztartáson belülről | C13: =SUM(C14:C15) -> 11500 | D13: =SUM(D14:D15) -> 13500 | E13: =SUM(E14:E15) -> 22500 | F13: =SUM(F14:F15) -> 14500 | G13: =SUM(G14:G15) -> 18900 | H13: =SUM(H14:H15) -> 102500 | I13: =SUM(I14:I15) -> 18500 | J13: =SUM(J14:J15) -> 21000 | ... N13: =SUM(N14:N15) -> 51903 | O13: =SUM(C13:N13) -> 599531
B14: ebből működésre | C14: 6500 | D14: 5500 | E14: 10500 | F14: 6500 | G14: 8900 | H14: 12500 | I14: 8500 | J14: 9000 | K14: 78975 | L14: 68353 | M14: 12400 | N14: 8550 | O14: =SUM(C14:N14) -> 236178
B15: ebből fejlesztésre | C15: 5000 | D15: 8000 | E15: 12000 | F15: 8000 | G15: 10000 | H15: 90000 | I15: 10000 | J15: 12000 | K15: 85000 | L15: 65000 | M15: 15000 | N15: 43353 | O15: =SUM(C15:N15) -> 363353
A16: 6 | B16: Kölcsönök visszatérülése | C16: 0 | D16: 0 | E16: 0 | F16: 0 | G16: 0 | H16: 26050 | I16: 0 | J16: 0 | K16: 0 | L16: 0 | M16: 0 | N16: 7000 | O16: =SUM(C16:N16) -> 33050
A17: 7 | B17: Bevételek együtt (1+…+6) | C17: =C8+C9+C11+C12+C13+C16 -> 197328 | D17: =D8+D9+D11+D12+D13+D16 -> 180491 | E17: =E8+E9+E11+E12+E13+E16 -> 437060 | F17: =F8+F9+F11+F12+F13+F16 -> 195060 | G17: =G8+G9+G11+G12+G13+G16 -> 202060 | H17: =H8+H9+H11+H12+H13+H16 -> 296475 | I17: =I8+I9+I11+I12+I13+I16 -> 185437 | J17: =J8+J9+J11+J12+J13+J16 -> 200603 | ... O17: =O8+O9+O11+O12+O13+O16 -> 3308855
A18: 8 | B18: Finanszírozási műveletek (hitel, maradvány igénybevétele) | C18: 449809 | D18: 0 | E18: 237500 | F18: 0 | G18: 0 | H18: 0 | I18: 0 | J18: 0 | K18: 0 | L18: 0 | M18: 0 | N18: 0 | O18: =SUM(C18:N18) -> 687309
A20: 9 | B20: Összes bevétel (7+8) | C20: =C17+C18 -> 647137 | D20: =D17+D18 -> 180491 | E20: =E17+E18 -> 674560 | F20: =F17+F18 -> 195060 | G20: =G17+G18 -> 202060 | H20: =H17+H18 -> 296475 | I20: =I17+I18 -> 185437 | J20: =J17+J18 -> 200603 | ... O20: =O17+O18 -> 3996164
A22: Kiadások
A23: 10 | B23: Személyi juttatás | C23: 70650 | D23: 71250 | E23: 70400 | F23: 69400 | G23: 70650 | H23: 67900 | I23: 68900 | J23: 68900 | K23: 67750 | L23: 69400 | M23: 69700 | N23: 66838 | O23: =SUM(C23:N23) -> 831738
A24: 11 | B24: Munkaadókat terhelő járulék | C24: 13528 | D24: 13643 | E24: 13480 | F24: 13288 | G24: 13528 | H24: 13001 | I24: 13193 | J24: 13193 | K24: 12972 | L24: 13288 | M24: 13346 | N24: 13710 | O24: =SUM(C24:N24) -> 160170
A25: 12 | B25: Dologi kiadás | C25: 83400 | D25: 84650 | E25: 82200 | F25: 93850 | G25: 87100 | H25: 84650 | I25: 85900 | J25: 88350 | K25: 85900 | L25: 87100 | M25: 90800 | N25: 87943 | O25: =SUM(C25:N25) -> 1041843
A26: 13 | B26: Ellátottak pénzbeli juttatásai | C26: 3500 | D26: 3200 | E26: 14168 | F26: 3500 | G26: 3200 | H26: 5000 | I26: 2895 | J26: 3100 | K26: 3300 | L26: 3100 | M26: 4005 | N26: 4801 | O26: =SUM(C26:N26) -> 53769
A27: 14 | B27: Egyéb működési célú kiadás | C27: 52000 | D27: 54000 | E27: 51000 | F27: 51000 | G27: 50500 | H27: 53500 | I27: 58500 | J27: 53500 | K27: 52500 | L27: 53000 | M27: 53000 | N27: 56532 | O27: =SUM(C27:N27) -> 639032
A28: 15 | B28: Működési kiadások (10+…+14) | C28: =C23+C24+C25+C26+C27 -> 223078 | D28: =D23+D24+D25+D26+D27 -> 226743 | E28: =E23+E24+E25+E26+E27 -> 231248 | F28: =F23+F24+F25+F26+F27 -> 231038 | G28: =G23+G24+G25+G26+G27 -> 224978 | H28: =H23+H24+H25+H26+H27 -> 224051 | I28: =I23+I24+I25+I26+I27 -> 229388 | J28: =J23+J24+J25+J26+J27 -> 227043 | ... O28: =O23+O24+O25+O26+O27 -> 2726552
A29: 16 | B29: Felújítások | C29: 39623 | D29: 18000 | E29: 8500 | F29: 12000 | G29: 15000 | H29: 35000 | I29: 6362 | J29: 72000 | K29: 88151 | L29: 16000 | M29: 24267 | N29: 30543 | O29: =SUM(C29:N29) -> 365446
A30: 17 | B30: Beruházások | C30: 1650 | D30: 7500 | E30: 23000 | F30: 74934 | G30: 78000 | H30: 85000 | I30: 105000 | J30: 15000 | K30: 45000 | L30: 65000 | M30: 88000 | N30: 68005 | O30: =SUM(C30:N30) -> 656089
A31: 18 | B31: Egyéb felhalmozási kiadás | C31: 0 | D31: 1500 | E31: 1000 | F31: 1000 | G31: 3500 | H31: 1500 | I31: 3500 | J31: 500 | K31: 1710 | L31: 2500 | M31: 500 | N31: 5805 | O31: =SUM(C31:N31) -> 23015
A32: 19 | B32: Felhalmozási kiadás (16+17+18) | C32: =C29+C30+C31 -> 41273 | D32: =D29+D30+D31 -> 27000 | E32: =E29+E30+E31 -> 32500 | F32: =F29+F30+F31 -> 87934 | G32: =G29+G30+G31 -> 96500 | H32: =H29+H30+H31 -> 121500 | I32: =I29+I30+I31 -> 114862 | J32: =J29+J30+J31 -> 87500 | ... O32: =O29+O30+O31 -> 1044550
A33: 20 | B33: Céltartalék, általános tartalék | G33: 8000 | H33: 8000 | I33: 10000 | J33: 15000 | K33: 10000 | L33: 15000 | M33: 15595 | N33: 81600 | O33: =SUM(C33:N33) -> 163195
A34: 21 | B34: Kiadások együtt (15+19+20) | C34: =C28+C32+C33 -> 264351 | D34: =D28+D32+D33 -> 253743 | E34: =E28+E32+E33 -> 263748 | F34: =F28+F32+F33 -> 318972 | G34: =G28+G32+G33 -> 329478 | H34: =H28+H32+H33 -> 353551 | I34: =I28+I32+I33 -> 354250 | J34: =J28+J32+J33 -> 329543 | ... O34: =O28+O32+O33 -> 3934297
A35: 22 | B35: Finanszírozási műveletek (hiteltörl., Áht-n belüli megelőleg. visszafiz.) | C35: 41199 | D35: 0 | E35: 5167 | F35: 0 | G35: 0 | H35: 5167 | I35: 0 | J35: 0 | K35: 5167 | L35: 0 | M35: 0 | N35: 5167 | O35: =SUM(C35:N35) -> 61867
A36: 23 | B36: Összes kiadás (21+22) | C36: =C34+C35 -> 305550 | D36: =D34+D35 -> 253743 | E36: =E34+E35 -> 268915 | F36: =F34+F35 -> 318972 | G36: =G34+G35 -> 329478 | H36: =H34+H35 -> 358718 | I36: =I34+I35 -> 354250 | J36: =J34+J35 -> 329543 | ... O36: =O34+O35 -> 3996164
A37: 24 | B37: 7-21 eltérése (+/-) | C37: =C17-C34 -> -67023 | D37: =D17-D34 -> -73252 | E37: =E17-E34 -> 173312 | F37: =F17-F34 -> -123912 | G37: =G17-G34 -> -127418 | H37: =H17-H34 -> -57076 | I37: =I17-I34 -> -168813 | J37: =J17-J34 -> -128940 | ... N37: =N17-N34 -> -127400 | O37: =SUM(C37:N37) -> -625442
A38: 25 | B38: 9-23 eltérése (+/-) | C38: =C20-C36 -> 341587 | D38: =D20-D36 -> -73252 | E38: =E20-E36 -> 405645 | F38: =F20-F36 -> -123912 | G38: =G20-G36 -> -127418 | H38: =H20-H36 -> -62243 | I38: =I20-I36 -> -168813 | J38: =J20-J36 -> -128940 | ... N38: =N20-N36 -> -132567 | O38: =SUM(C38:N38) -> 0
A39: 26 | B39: Záró pénzkészlet | C39: =C20-C36 -> 341587 | D39: =C39+D20-D36 -> 268335 | E39: =D39+E20-E36 -> 673980 | F39: =E39+F20-F36 -> 550068 | G39: =F39+G20-G36 -> 422650 | H39: =G39+H20-H36 -> 360407 | I39: =H39+I20-I36 -> 191594 | J39: =I39+J20-J36 -> 62654 | K39: =J39+K20-K36 -> 313939 | ... O39: =N39+O20-O36 -> 0

Sheet 8.a melléklet (2)
S1: 8/a melléklet a 9/2019. (II. 28.) önkormányzati rendelethez
A2: Intézmények finanszírozása 2019. évben
S4: eFt
E5: Személyi juttatás | F5: Munkaadókat terhelő járulékok és szociális hozzájárulási adó | G5: Dologi kiadások | H5: Egyéb működési célú kiadások | I5: Beruházások | J5: Felújítások | K5: Összesen | L5: Műkö- dési bevétel | M5: Felhalmozási bevétel | N5: Átvett pénzeszköz, támogatás | O5: Pénzma- radv. + Alulfin. | P5: Állami támogatás + NEAK | Q5: Önk. tám. | R5: Összesen | S5: Int.fin.
A6: Szivárvány Óvoda és Bölcsőde Dombóvár | E6: 215056 | F6: 41680 | G6: 29024 | H6: 0 | I6: 1000 | J6: 7000 | K6: =SUM(E6:J6) -> 293760 | L6: 9800 | M6: 0 | N6: 1173 | O6: 764 | P6: 290123 | Q6: =K6-L6-N6-O6-P6-M6 -> -8100 | R6: =SUM(L6:Q6) -> 293760 | S6: =P6+Q6 -> 282023
A7: Integrált Önkormányzati Szolg. Szerv. | E7: 150214 | F7: 28448 | G7: 146696 | H7: 0 | I7: 4950 | J7: 1270 | K7: =SUM(E7:J7) -> 331578 | L7: 87000 | M7: 0 | N7: 1082 | O7: 1696 | P7: 160103 | Q7: =K7-L7-N7-O7-P7-M7 -> 81697 | R7: =SUM(L7:Q7) -> 331578 | S7: =P7+Q7 -> 241800
A8: Földi István Könyvtár | E8: 18907 | F8: 3761 | G8: 17843 | H8: 0 | I8: 1000 | J8: 3160 | K8: =SUM(E8:J8) -> 44671 | L8: 2000 | M8: 0 | N8: 1188 | O8: 331 | P8: 0 | Q8: =K8-L8-N8-O8-P8-M8 -> 41152 | R8: =SUM(L8:Q8) -> 44671 | S8: =P8+Q8 -> 41152
A9: Dombóvári Közös Önkormányzati Hivatal | E9: 301076 | F9: 59579 | G9: 83271 | H9: 0 | I9: 8650 | J9: 0 | K9: =SUM(E9:J9) -> 452576 | L9: 8000 | M9: 0 | N9: 2849 | O9: 3271 | P9: 222222 | Q9: =K9-L9-N9-O9-P9-M9 -> 216234 | R9: =SUM(L9:Q9) -> 452576 | S9: =P9+Q9 -> 438456
A10: Összesen: | E10: =SUM(E6:E9) -> 685253 | F10: =SUM(F6:F9) -> 133468 | G10: =SUM(G6:G9) -> 276834 | H10: =SUM(H6:H9) -> 0 | I10: =SUM(I6:I9) -> 15600 | J10: =SUM(J6:J9) -> 11430 | K10: =SUM(K6:K9) -> 1122585 | L10: =SUM(L6:L9) -> 106800 | ... S10: =SUM(S6:S9) -> 1003431

Sheet 9. melléklet
A1: 9. melléklet a 9/2019. (II. 28.) önkormányzati rendelethez
A3: 2019. évi szociális, jóléti és egészségügyi juttatás
A4: előirányzata
G6: eFt
A7: Családalapítási támogatás | G7: 744
A8: Szociális, jóléti, kulturális juttatások | G8: 550
A9: Továbbképzés támogatása | G9: 2500
A10: Egészségügyi juttatás (védőszemüveg) | G10: 465
A11: Cafetéria juttatás (bruttó 200.000 Ft/fő/év)
A12: Dombóvár | G12: 14700
A13: Szakcs | G13: 1043
A15: Összesen: | G15: =SUM(G7:G13) -> 20002
A18: Vezetői illetménypótlék (jegyző, irodavezetők) | G18: 3864
A20: Lakásépítés,- vásárlás támogatása | G20: 200
A22: Engedélyezett létszám 2019. évre 83 fő
A23: - Dombóvár 76 fő ( 5 fő rehabos)
A24: - Szakcsi Kirendeltség 7 fő

Sheet 10. melléklet EU-s
A1: 10. melléklet a 9/2019. (II. 28.) önkormányzati rendelethez
A3: Európai Uniós támogatással megvalósuló programok, projektek bevételei, kiadásai
A5: Bevételek
G6: Ft
A7: szám | B7: azonosító | C7: program, projekt neve | D7: 2018.12.31-ig | E7: 2019. | F7: 2020. | G7: Összesen
A9: 1 | B9: TOP-3.2.1-15-TL1-2016-00025 | C9: Épületenergetikai korszerűsítés a Dombóvári Illyés Gyula Gimnázium épületén
B10: Önkormányzat
B11: támogatás | D11: 141990461 | E11: 1434246 | F11: 0 | G11: =SUM(D11:F11) -> 143424707
B12: önkormányzati saját forrás | D12: 0 | E12: 14347380 | F12: 0 | G12: =SUM(D12:F12) -> 14347380
B13: összesen: | D13: =SUM(D11:D12) -> 141990461 | E13: =SUM(E11:E12) -> 15781626 | F13: =SUM(F11:F12) -> 0 | G13: =SUM(G11:G12) -> 157772087
A15: 2 | B15: TOP-3.2.1-15-TL1-2016-00026 | C15: Épületenergetikai korszerűsítés a Dombóvári Szivárvány Óvoda Százszorszép Tagóvodája épületén
B16: Önkormányzat
B17: támogatás | D17: 67384779 | E17: 165100 | F17: 0 | G17: =SUM(D17:F17) -> 67549879
B18: önkormányzati saját forrás | D18: 9475165 | E18: 0 | F18: 0 | G18: =SUM(D18:F18) -> 9475165
B19: összesen: | D19: =SUM(D17:D18) -> 76859944 | E19: =SUM(E17:E18) -> 165100 | F19: =SUM(F17:F18) -> 0 | G19: =SUM(G17:G18) -> 77025044
A21: 3 | B21: TOP-5.2.1-15-TL1-2016-00001 | C21: A dombóvári Mászlony szegregátumban élők társadalmi integrációjának helyi szintű komplex programja
B22: Önkormányzat
B23: támogatás | D23: 8474064 | E23: 0 | F23: 720596 | G23: =SUM(D23:F23) -> 9194660
B24: összesen: | D24: =SUM(D23:D23) -> 8474064 | E24: =SUM(E23:E23) -> 0 | F24: =SUM(F23:F23) -> 720596 | G24: =SUM(G23:G23) -> 9194660
A26: 4 | B26: TOP-5.2.1-15-TL1-2016-00003 | C26: A dombóvári Kakasdomb-Erzsébet utca szegregációval veszélyeztetett területén élők társadalmi integrációjának helyi szintű komplex programja
B27: Önkormányzat
B28: támogatás | D28: 12798978 | E28: 0 | F28: 3939282 | G28: =SUM(D28:F28) -> 16738260
B29: összesen: | D29: =SUM(D28:D28) -> 12798978 | E29: =SUM(E28:E28) -> 0 | F29: =SUM(F28:F28) -> 3939282 | G29: =SUM(G28:G28) -> 16738260
A31: 5 | B31: TOP-5.2.1-15-TL1-2016-00002 | C31: A dombóvári Szigetsor-Vasút szegregátumban élők társadalmi integrációjának helyi szintű komplex programja
B32: Önkormányzat
B33: támogatás | D33: 6255276 | E33: 0 | F33: 1587184 | G33: =SUM(D33:F33) -> 7842460
B34: összesen: | D34: =SUM(D33:D33) -> 6255276 | E34: =SUM(E33:E33) -> 0 | F34: =SUM(F33:F33) -> 1587184 | G34: =SUM(G33:G33) -> 7842460
A36: 6 | B36: TOP-5.1.2-15-TL1-2016-00002 | C36: Foglalkoztatási paktum létrehozása Tamási és Dombóvár városok környezetében
B37: Önkormányzat
B38: támogatás | D38: 21453020 | E38: 0 | F38: 0 | G38: =SUM(D38:F38) -> 21453020
B39: összesen: | D39: =SUM(D38:D38) -> 21453020 | E39: =SUM(E38:E38) -> 0 | F39: =SUM(F38:F38) -> 0 | G39: =SUM(G38:G38) -> 21453020
A41: 7 | B41: EFOP-3.9.2-16-2017-00047 | C41: Humán kapacitások fejlesztése a Dombóvári járásban
B42: Önkormányzat
B43: támogatás | D43: 78366000 | E43: 78975000 | F43: 1710000 | G43: =SUM(D43:F43) -> 159051000
B44: összesen: | D44: =SUM(D43:D43) -> 78366000 | E44: =SUM(E43:E43) -> 78975000 | F44: =SUM(F43:F43) -> 1710000 | G44: =SUM(G43:G43) -> 159051000
A46: 8 | B46: EFOP-1.5.3-16-2017-00063 | C46: Humán szolgáltatások fejlesztése a Dombóvári járásban
B47: Önkormányzat
B48: támogatás | D48: 62570637 | E48: 68353178 | F48: 3224950 | G48: =SUM(D48:F48) -> 134148765
B49: összesen: | D49: =SUM(D48:D48) -> 62570637 | E49: =SUM(E48:E48) -> 68353178 | F49: =SUM(F48:F48) -> 3224950 | G49: =SUM(G48:G48) -> 134148765
A51: 9 | B51: TOP-4.3.1-15-TL1-2016-00003 | C51: A dombóvári Szigetsor-Vasút szegregátumok rehabilitációja
B52: Önkormányzat
B53: támogatás | D53: 183273300 | E53: 3851245 | F53: 0 | G53: =SUM(D53:F53) -> 187124545
B54: önkormányzati saját forrás | D54: 0 | E54: 5237866 | F54: 0 | G54: 5237956
B55: összesen: | D55: =SUM(D53:D54) -> 183273300 | E55: =SUM(E53:E54) -> 9089111 | F55: =SUM(F53:F54) -> 0 | G55: =SUM(G53:G54) -> 192362501
A57: 10 | B57: TOP-4.3.1-15-TL1-2016-00002 | C57: Mászlony - oázis az agrársivatagban
B59: Önkormányzat
B60: támogatás | D60: 0 | E60: 88239210 | F60: 0 | G60: 88239210
B61: összesen: | D61: 0 | E61: 88239210 | F61: 0 | G61: 88239210
A63: 11 | B63: TOP-4.3.1-15-TL1-2016-00004 | C63: DARK - Dombóvári Akcióterületi Rehabilitáció Kakasdomb-Erzsébet uztca szegregációval veszélyeztetett területen
B65: Önkormányzat
B66: támogatás | D66: 0 | E66: 232664000 | F66: 0 | G66: 232664000
B67: összesen: | D67: 0 | E67: 232664000 | F67: 0 | G67: 232664000
B69: Bevételek összesen: | D69: =D13+D19+D24+D29+D39+D34+D44+D49+D55+D61+D67 -> 592041680 | E69: =E13+E19+E24+E29+E39+E34+E44+E49+E55+E61+E67 -> 493267225 | F69: =F13+F19+F24+F29+F39+F34+F44+F49+F55+F61+F67 -> 11182012 | G69: =G13+G19+G24+G29+G39+G34+G44+G49+G55+G61+G67 -> 1096491007
A71: Kiadások
A72: Ft
A73: szám | B73: azonosító | C73: program, projekt neve | D73: 2018.12.31-ig | E73: 2019. | F73: 2020. | G73: Összesen
A75: 1 | B75: TOP-3.2.1-15-TL1-2016-00025 | C75: Épületenergetikai korszerűsítés a Dombóvári Illyés Gyula Gimnázium épületén
B76: Önkormányzat
B77: kiadás | C77: felújítás | D77: 119175161 | E77: 36083926 | F77: 0 | G77: =SUM(D77:F77) -> 155259087
C78: dologi kiadások (szolgáltatások) | D78: 0 | E78: =1524000+319000+543000+127000 -> 2513000 | F78: 0 | G78: =SUM(D78:F78) -> 2513000
B79: összesen: | D79: =SUM(D77:D78) -> 119175161 | E79: =SUM(E77:E78) -> 38596926 | F79: =SUM(F77:F78) -> 0 | G79: =SUM(G77:G78) -> 157772087
A81: 2 | B81: TOP-3.2.1-15-TL1-2016-00026 | C81: Épületenergetikai korszerűsítés a Dombóvári Szivárvány Óvoda Százszorszép Tagóvodája épületén
B82: Önkormányzat
B83: kiadás | C83: felújítás | D83: 76032944 | E83: 0 | F83: 0 | G83: =SUM(D83:F83) -> 76032944
C84: dologi kiadások (szolgáltatások) | D84: 992100 | E84: 0 | F84: 0 | G84: =SUM(D84:F84) -> 992100
B85: összesen: | D85: =SUM(D83:D84) -> 77025044 | E85: =SUM(E83:E84) -> 0 | F85: =SUM(F83:F84) -> 0 | G85: =SUM(G83:G84) -> 77025044
A87: 3 | B87: TOP-5.2.1-15-TL1-2016-00001 | C87: A dombóvári Mászlony szegregátumban élők társadalmi integrációjának helyi szintű komplex programja
B88: Önkormányzat
B89: kiadás | C89: személyi | D89: 949754 | E89: 1500243 | F89: 1028023 | G89: =SUM(D89:F89) -> 3478020
C90: járulék | D90: 185202 | E90: 292547 | F90: 179904 | G90: =SUM(D90:F90) -> 657653
C91: dologi kiadások (szolgáltatások) | D91: 0 | E91: 2654392 | F91: 1769595 | G91: =SUM(D91:F91) -> 4423987
C92: tartalék | D92: 0 | E92: 0 | F92: 635000 | G92: =SUM(D92:F92) -> 635000
B93: összesen: | D93: =SUM(D89:D92) -> 1134956 | E93: =SUM(E89:E92) -> 4447182 | F93: =SUM(F89:F92) -> 3612522 | G93: =SUM(G89:G92) -> 9194660
A95: 4 | B95: TOP-5.2.1-15-TL1-2016-00003 | C95: A dombóvári Kakasdomb-Erzsébet utca szegregációval veszélyeztetett területén élők társadalmi integrációjának helyi szintű komplex programja
B96: Önkormányzat
B97: kiadás | C97: személyi | D97: 937640 | E97: 2770994 | F97: 1878773 | G97: =SUM(D97:F97) -> 5587407
C98: járulék | D98: 182840 | E98: 540344 | F98: 328785 | G98: =SUM(D98:F98) -> 1051969
C99: dologi kiadások (szolgáltatások) | D99: 0 | E99: 3773330 | F99: 2515554 | G99: =SUM(D99:F99) -> 6288884
C100: tartalék | D100: 0 | E100: 0 | F100: 3810000 | G100: =SUM(D100:F100) -> 3810000
B101: összesen: | D101: =SUM(D97:D100) -> 1120480 | E101: =SUM(E97:E100) -> 7084668 | F101: =SUM(F97:F100) -> 8533112 | G101: =SUM(G97:G100) -> 16738260
A103: 5 | B103: TOP-5.2.1-15-TL1-2016-00002 | C103: A dombóvári Szigetsor-Vasút szegregátumban élők társadalmi integrációjának helyi szintű komplex programja
B104: Önkormányzat
B105: kiadás | C105: személyi | D105: 843407 | E105: 1595936 | F105: 1082067 | G105: =SUM(D105:F105) -> 3521410
C106: járulék | D106: 164465 | E106: 311208 | F106: 189362 | G106: =SUM(D106:F106) -> 665035
C107: dologi kiadások (szolgáltatások) | D107: 0 | E107: 1279209 | F107: 852806 | G107: =SUM(D107:F107) -> 2132015
C108: tartalék | D108: 0 | E108: 0 | F108: 1524000 | G108: =SUM(D108:F108) -> 1524000
B109: összesen: | D109: =SUM(D105:D108) -> 1007872 | E109: =SUM(E105:E108) -> 3186353 | F109: =SUM(F105:F108) -> 3648235 | G109: =SUM(G105:G108) -> 7842460
A111: 6 | B111: TOP-5.1.2-15-TL1-2016-00002 | C111: Foglalkoztatási paktum létrehozása Tamási és Dombóvár városok környezetében
B112: Önkormányzat
B113: kiadás | C113: dologi kiadások (szolgáltatások) | D113: 16252627 | E113: 4332364 | F113: 868029 | G113: =SUM(D113:F113) -> 21453020
B114: összesen: | D114: =SUM(D113:D113) -> 16252627 | E114: =SUM(E113:E113) -> 4332364 | F114: =SUM(F113:F113) -> 868029 | G114: =SUM(G113:G113) -> 21453020
A116: 7 | B116: EFOP-3.9.2-16-2017-00047 | C116: Humán kapacitások fejlesztése a Dombóvári járásban
B117: Önkormányzat
B118: kiadás | C118: személyi | D118: 13272000 | E118: 21284000 | F118: 1466000 | G118: =SUM(D118:F118) -> 36022000
C119: járulék | D119: 2588000 | E119: 3176000 | F119: 244000 | G119: =SUM(D119:F119) -> 6008000
C120: dologi kiadások (szolgáltatások) | D120: 47332000 | E120: 67431000 | F120: 0 | G120: =SUM(D120:F120) -> 114763000
C121: eszközbeszerzés | D121: 0 | E121: 2258000 | F121: 0 | G121: =SUM(D121:F121) -> 2258000
B122: összesen: | D122: =SUM(D118:D121) -> 63192000 | E122: =SUM(E118:E121) -> 94149000 | F122: =SUM(F118:F121) -> 1710000 | G122: =SUM(G118:G121) -> 159051000
A124: 8 | B124: EFOP-1.5.3-16-2017-00063 | C124: Humán szolgáltatások fejlesztése a Dombóvári járásban
B125: Önkormányzat
...
